 Dungeon Crawl Stone Soup version 0.31-a0-1009-g454b1f1e0a (webtiles) character file.

Game seed: 467372536034879819

1556153 EnegeticOcto the Jinx (level 24, 129/129 HPs)
             Began as a Felid Chaos Knight on Nov 15, 2023.
             Was a Favourite Plaything of Xom.
             Escaped with the Orb
             ... and 3 runes!
             The game lasted 02:43:31 (74878 turns).

EnegeticOcto the Jinx (Felid Chaos Knight)         Turns: 74878, Time: 02:43:31

Health: 129/129    AC: 25    Str: 15      XL:     24   Next: 86%
Magic:  42/42      EV: 31    Int: 15 (17) God:    Xom [...*..]
Gold:   9149       SH:  5    Dex: 21 (22) Spells: 1/52 levels left
                                        Lives:  2   Deaths: 4

rFire   + .          .
                       - Unarmed
rCold   + . .        (shield unavailable)
rNeg    + . .        (body armour unavailable)
rPois   ∞            (helmet unavailable)
rElec   +            (cloak unavailable)
rCorr   .            (gloves unavailable)
SInv    +            (boots unavailable)
Will    +++..        N - amulet of reflection
Stlth   ++           l - ring of protection from fire
HPRegen 0.41/turn    u - ring of protection from cold
MPRegen 0.28/turn

%: reflection, clarity
@: statue-form, studying 2 skills, very slow
A: slow and powerful, torment resistance 1, boosted hp, very small, claws 1,
fangs 3, see invisible, (speed 1), (shaggy fur 3), stealthy paws, no weapons or
thrown items, no armour, multi-lived, (iridescent scales 2), clarity, clever 1,
deterioration 1, passive freeze, strong 2, wild magic 1, no potion heal 1
0: Orb of Zot
}: 3/15 runes: decaying, serpentine, silver
a: Begin Untransformation, Renounce Religion


You escaped.
You worshipped Xom.
You were a favourite toy of Xom.
You were a living statue of rough stone.
You visited 10 branches of the dungeon, and saw 50 of its levels.
You also visited: Trove and Bailey.

You collected 10506 gold pieces.
You spent 1357 gold pieces at shops.

Inventory:

Jewellery
 f - the ring of Wiocivey {Fire Int+5}
   (You took it off a deep elf demonologist on level 3 of the Elven Halls)

   [ring of fire]

   Fire:      It enhances your fire magic.
   Int+5:     It affects your intelligence (+5).
   rF+:       It protects you from fire.
   rC-:       It makes you vulnerable to cold.
 l - a ring of protection from fire (left paw)
   (You bought it in a shop on level 2 of the Depths)
 n - a ring of positive energy
   (You found it on level 4 of the Dungeon)
 u - a ring of protection from cold (right paw)
   (You bought it in a shop on level 2 of the Depths)
 F - a ring of resist corrosion
   (You found it on level 1 of the Lair of Beasts)
 H - a ring of willpower
   (You found it on level 11 of the Dungeon)
 N - an amulet of reflection (around neck)
   (You found it on level 4 of the Lair of Beasts)
 P - a +6 ring of dexterity
   (You found it on level 1 of the Vaults)
 V - a +6 ring of dexterity
   (You found it on level 1 of the Orcish Mines)
 W - the ring "Uliaran" {Str+6 Dex+4}
   (You found it in a treasure trove)

   [ring of strength]

   Str+6:     It affects your strength (+6).
   Dex+4:     It affects your dexterity (+4).
Talismans
 i - a granite talisman (active)
   (You found it on level 2 of the Lair of Beasts)
 T - a dragon-blood talisman
   (You found it on level 3 of the Crypt)
Wands
 p - a wand of light (21) {@v1}
   (You found it on level 4 of the Dungeon)
 q - a wand of iceblast (56) {@v2}
   (You found it on level 4 of the Dungeon)
 w - a wand of flame (94) {@v4}
   (You took it off Ijyb on level 5 of the Dungeon)
 y - a wand of polymorph (9)
   (You took it off Lodul on level 10 of the Dungeon)
 C - a wand of charming (28)
   (You found it on level 7 of the Dungeon)
 I - a wand of digging (25) {@v3}
   (You found it on level 11 of the Dungeon)
 J - a wand of mindburst (37)
   (You found it on level 1 of the Lair of Beasts)
Scrolls
 a - 7 scrolls of butterflies
 d - 9 scrolls of fog {!r}
 g - 3 scrolls of blinking {@r4}
 m - 5 scrolls of immolation
 s - 15 scrolls of teleportation {@r3 !r}
 v - 9 scrolls of vulnerability
 D - 2 scrolls of torment
 G - 8 scrolls of poison
 L - 10 scrolls of amnesia
Potions
 b - 8 potions of attraction
 c - 9 potions of enlightenment
 e - 4 potions of might {@q3 !q}
 h - 4 potions of resistance
 j - 13 potions of curing {@q1 !q}
 k - 3 potions of heal wounds {@q2 !q}
 o - 10 potions of lignification {@q6}
 t - 10 potions of brilliance
 x - 3 potions of invisibility
 z - 4 potions of berserk rage
 A - 2 potions of ambrosia
 B - 8 potions of mutation
 E - 5 potions of haste {@q4 !q}
 Q - a potion of cancellation
 R - 8 potions of magic
Miscellaneous
 r - a sack of spiders
   (You found it on level 5 of the Lair of Beasts)
 K - a tin of tremorstones (2/2)
   (You found it on level 12 of the Dungeon)
 M - a phial of floods
   (You found it on level 3 of the Lair of Beasts)
 O - a lightning rod (4/4)
   (You found it on level 5 of the Lair of Beasts)
 S - a phantom mirror
   (You found it on level 5 of the Lair of Beasts)


   Skills:
 - Level 14.9 Fighting
 - Level 14.9 Dodging
 - Level 14.9 Stealth
 - Level 14.9 Unarmed Combat
 - Level 14.9 Spellcasting
 - Level 10.0 Conjurations
 - Level 14.9 Hexes
 + Level 12.3 Summonings
 - Level 14.9 Translocations
 - Level 14.9 Transmutations
 - Level 14.9 Ice Magic
 + Level 7.9 Air Magic
 - Level 5.2 Earth Magic
 - Level 14.9 Evocations
 - Level 14.9 Shapeshifting


You had one spell level left.
You knew the following spells:

 Your Spells              Type           Power      Damage    Failure   Level
a - Lesser Beckoning      Tloc           100%       N/A       1%          2
b - Summon Mana Viper     Hex/Summ       61%        N/A       1%          5
c - Ozocubu's Armour      Ice            64%        N/A       1%          3
d - Vhi's Electric Charg  Tloc/Air       100%       N/A       1%          4
e - Confusing Touch       Hex            64%        N/A       1%          3
f - Apportation           Tloc           100%       N/A       1%          1
g - Cause Fear            Hex            32%        N/A       1%          4
h - Tukima's Dance        Hex            64%        N/A       1%          3
i - Yara's Violent Unrav  Hex/Tmut       32%        3d13      1%          5
j - Wereblood             Tmut           64%        N/A       1%          2
k - Dispersal             Tloc           32%        N/A       3%          6
l - Manifold Assault      Tloc           64%        N/A       1%          4
p - Passwall              Tmut/Erth      43%        N/A       1%          2
z - Irradiate             Conj/Tmut      29%        3d21      2%          5
Y - Blink                 Tloc           100%       N/A       1%          2

Your spell library contained the following spells:

 Spells                   Type           Power      Damage    Failure   Level
 Freeze                   Ice            100%       1d10      1%          1
 Magic Dart               Conj           100%       1d8       1%          1
 Slow                     Hex            100%       N/A       1%          1
 Summon Small Mammal      Summ           100%       N/A       1%          1
 Necrotise                Necr           56%        1d6       10%         1
 Call Imp                 Summ           100%       N/A       1%          2
 Ensorcelled Hibernation  Hex/Ice        100%       N/A       1%          2
 Jinxbite                 Hex            100%       N/A       1%          2
 Momentum Strike          Conj/Tloc      100%       3d10      1%          2
 Static Discharge         Conj/Air       98%        3-8/arc   1%          2
 Call Canine Familiar     Summ           58%        N/A       1%          3
 Frozen Ramparts          Ice            100%       1d16      1%          3
 Gell's Gravitas          Tloc           64%        N/A       1%          3
 Hailstorm                Conj/Ice       58%        3d13      1%          3
 Sigil of Binding         Hex            64%        N/A       1%          3
 Stone Arrow              Conj/Erth      88%        3d12      1%          3
 Summon Guardian Golem    Hex/Summ       61%        N/A       1%          3
 Swiftness                Air            45%        N/A       1%          3
 Teleport Other           Tloc           64%        N/A       1%          3
 Volatile Blastmotes      Fire/Tloc      86%        2d17      1%          3
 Fulminant Prism          Conj/Hex       29%        3d14      1%          4
 Iskenderun's Mystic Bla  Conj/Tloc      58%        2d12      1%          4
 Passage of Golubria      Tloc           64%        N/A       1%          4
 Summon Ice Beast         Ice/Summ       61%        N/A       1%          4
 Summon Lightning Spire   Summ/Air       52%        N/A       1%          4
 Metabolic Englaciation   Hex/Ice        32%        N/A       1%          5
 Summon Forest            Summ/Tloc      30%        N/A       1%          5
 Poisonous Vapours        Pois/Air       60%        N/A       3%          2
 Mephitic Cloud           Conj/Pois/Air  37%        N/A       3%          3
 Freezing Cloud           Conj/Ice/Air   27%        6-21      3%          5
 Ignite Poison            Fire/Tmut/Pois 33%        N/A       4%          3
 Airstrike                Air            22%        2d(4-20)  4%          4
 Anguish                  Hex/Necr       21%        N/A       4%          4
 Cigotuvi's Dreadful Rot  Necr/Pois/Air  48%        N/A       5%          2
 Summon Cactus Giant      Summ           29%        N/A       10%         6
 Alistair's Intoxication  Tmut/Pois      28%        N/A       12%         5
 Enfeeble                 Hex            32%        N/A       16%         7
 Ozocubu's Refrigeration  Ice            32%        4d14      16%         7
 Vampiric Draining        Necr           14%        2d7       26%         3
 Malign Gateway           Summ/Tloc      30%        N/A       26%         7
 Fireball                 Conj/Fire      17%        3d9       30%         5
 Conjure Ball Lightning   Conj/Air       24%        3x3d7     30%         6
 Simulacrum               Ice/Necr       21%        N/A       47%         6
 Animate Dead             Necr           14%        N/A       61%         4
 Dispel Undead            Necr           14%        3d10      61%         4
 Discord                  Hex            32%        N/A       73%         8
 Disjunction              Tloc           32%        N/A       73%         8
 Agony                    Necr           14%        N/A       90%         5
 Summon Horrible Things   Summ           29%        N/A       96%         8
 Haunt                    Necr/Summ      19%        N/A       99%         7
 Infestation              Necr           7%         N/A       100%        8
 Lehudib's Crystal Spear  Conj/Erth      22%        10d6      100%        8
 Chain Lightning          Conj/Air       24%        3d32      100%        9
 Dragon's Call            Summ           29%        N/A       100%        9
 Fire Storm               Conj/Fire      17%        8d4       100%        9
 Shatter                  Erth           17%        3d16*     100%        9
 Animate Armour           Summ/Erth      Unusable   N/A       N/A         4

Dungeon Overview and Level Annotations

Branches:
Dungeon (15/15)            Temple (0/1) D:5            Lair (5/5) D:9
  Swamp (4/4) Lair:3        Snake (4/4) Lair:3        Slime (0/5) Lair:4
    Orc (2/2) D:11            Elf (3/3) Orc:2        Vaults (5/5) D:14
  Crypt (3/3) Vaults:2       Tomb (0/3) Crypt:3      Depths (4/4) D:15
    Zot (5/5) Depths:4     Bailey (visited)

Altars:
Ashenzari
Cheibriados
Elyvilon
Fedhas
Makhleb
Nemelex Xobeh
Okawaru
Qazlal
Ru
Sif Muna
Trog
Wu Jian
Xom
Yredelemnul
Zin
The Shining One
Jiyva
Lugonu

Shops:
D:9 (   D:12 (!   Orc:2 (?(!   Vaults:1 [   Depths:1 (   Depths:2 :==

Portals:
Hell: Depths:1 Depths:2 Depths:3 Depths:4
Abyss: Lair:5 Depths:3
Pandemonium: Depths:2
Ziggurat: Depths:1

Annotations:
D:15 Rupert
Lair:5 exclusions: ice statue and 2 more exclusions
Snake:3 Mara
Crypt:1 Vv
Crypt:2 9 runed translucent doors
Depths:2 exclusions: downstairs and 2 hell hogs
Depths:4 exclusion: 4 draconian stormcallers
Zot:1 exclusion: downstairs
Zot:5 1 exclusion


Innate Abilities, Weirdness & Mutations

You are a living statue of rough stone.
Your actions are slow, but your melee attacks are powerful.
You are resistant to unholy torment.
Your maximum health is increased.
You are immune to poison.
You have sharp claws.
You have razor-sharp teeth.
You have supernaturally acute eyesight. (SInv)
((You cover ground quickly. (Speed+)))
((Your thick and shaggy fur keeps you warm. (AC +3, rC+)))
Your paws help you pounce on unaware monsters.
You are incapable of wielding weapons or throwing items.
You cannot wear armour.
You gain extra lives every three experience levels.
((You are mostly covered in iridescent scales. (AC +4)))
You possess an exceptional clarity of mind.
Your mind is acute. (Int +4, Str/Dex -1)
Your body sometimes deteriorates upon taking damage.
A frigid envelope surrounds you and freezes all who hurt you.
Your muscles are very strong. (Str +8, Int/Dex -2)
Your spells are a little harder to cast, but a little more powerful.
Potions are less effective at restoring your health.


Message History

Sanid is lightly wounded.
You eviscerate the hell rat!!!
You kill the hell rat!
The hell rat's corpse disappears in a puff of smoke!
Sanid closely misses you. Sanid attacks as it pursues you!
Sanid barely misses you. The hell rat attacks as it pursues you!
The hell rat misses you.
Sanid gestures.
You scratch the hell rat but do no damage.
You claw the hell rat.
The hell rat is lightly wounded.
You block the hell rat's attack. You block Sanid's attack.
You claw the hell rat!
You kill the hell rat!
The hell rat's corpse disappears in a puff of smoke!
You block the hell rat's attack.
The lich casts a spell.
The lich flickers and vanishes for a moment.
Sanid stings you!!
Your body deteriorates!
You feel clumsy.
Sanid completely resists.
Okay, then.
Really read
d - 10 scrolls of fog {!r}? [Y]es or [N]o only, please.
Really read
d - 10 scrolls of fog {!r}?
As you read the scroll of fog {!r}, it dissolves into smoke.
Sanid attacks as it pursues you! Sanid stings you but does no damage.
Sanid resists.
Sanid is very cold.
Sanid is lightly wounded.
Sanid gestures at you.
The ancient lich blinks into view!
The ancient lich barely misses you. Sanid attacks as it pursues you!
Sanid stings you.
Sanid resists.
Sanid is very cold.
Sanid is lightly wounded.
Casting: Summon Mana Viper (mildly dangerous; 1% risk of failure)
Confirm with . or Enter, or press ? or * to list all spells.
You blink.
Casting: Blink (safe; 1% risk of failure)
Confirm with . or Enter, or press ? or * to list all spells.
Aiming: Passwall (safe; 1% risk of failure)
Press: ? - help, Dir - move target A rock wall.
This square is covered in magical glow.
You begin to meditate on the wall.
You continue meditating on the rock.
The redback misses you.
You continue meditating on the rock.
You feel ready to blink again. Sanid stings you but does no damage.
Sanid resists.
Sanid is very cold.
Sanid is lightly wounded.
The ancient lich gestures wildly while chanting.
The ancient lich seems to speed up.
You continue meditating on the rock.
Sanid closely misses you.
You finish merging with the rock.
There is a stone staircase leading up here.
(D) Dungeon (T) Temple (L) Lair (S) Swamp (P) Snake Pit (M) Slime Pits (O) Orcish Mines (E) Elven Halls (V) Vaults (C) Crypt (W) Tomb (U) Depths (H) Hell (Z) Zot
Where to? (Tab/Enter - D:1 @ (x,y), ? - help)
What level of the Dungeon? (default 1, ? - help)
Your extra speed is starting to run out.
Magic restored.
You feel yourself slow down.
There is a stone staircase leading up here.
You climb upwards.
There is a stone staircase leading down here.
There is a stone staircase leading up here.
You climb upwards.
There is a stone staircase leading down here.
There is a shaft here.
There is a stone staircase leading up here.
You climb upwards.
There is a stone staircase leading down here.
There is an escape hatch in the ceiling here.
Really go through this one-way escape hatch?
HP restored.
A mysterious force pulls you upwards. The hatch slams shut behind you.
(D) Dungeon (T) Temple (L) Lair (S) Swamp (P) Snake Pit (M) Slime Pits (O) Orcish Mines (E) Elven Halls (V) Vaults (C) Crypt (W) Tomb (U) Depths (H) Hell (Z) Zot
Where to? (Tab/Enter - D:1 @ (x,y), ? - help) 3 hell hounds come into view.
Unknown command.
Aiming: Dig
Press: ? - help, Shift-Dir - straight line You can't see that place. [the floor.]
The rock shatters into small pieces.
The hell hound breathes flames at you. The blast of flame misses you.
The hell hound breathes flames at you.
The blast of flame hits the hell hound.
The hell hound completely resists.
The blast of flame hits the hell hound.
The hell hound completely resists.
The blast of flame misses you.
Blink to where?
Press: ? - help, Dir - move target
As you read the scroll of blinking {@r4}, it crumbles to dust.
You have escaped!

### ##.##############.#
#####h########## #.#
#..............# #.#
#.....h........# #.#
#..####.#'###..# #.#
#######..#...h....#..# #.###
#........#........#..# #...#
###.#####..#........+..#
###.#.# .##.#
#..#....8...#..###...#.#
.##.#
#..'........#..##..###.##
....#####..#........#.....##
#..#
.......##..#......(.#..####
##.#
.......##..###+######..# #.#
.......##..............# #.#
.......##..........^...# #.#
.......###########.##### #..
....##.######### #.# ####
#.#


You could see 3 hell hounds.

Vanquished Creatures
  A dread lich (Crypt:3)
  An orb of fire (Zot:4)
  4 ancient liches
  Mennas (Vaults:3)
  A pandemonium lord (Depths:1)
  A juggernaut (Depths:2)
  4 curse toes
  Xtahua (Vaults:2)
  A caustic shrike (Vaults:3)
  6 golden dragons
  2 doom hounds (Crypt:2)
  Jorgrun (Orc:2)
  An Orb Guardian (D:6)
  9 tentacled monstrosities
  2 titans (Vaults:5)
  2 deep elf blademasters (Elf:3)
  A walking crystal tome (Depths:1)
  3 quicksilver dragons
  Grunn (Crypt:2)
  2 liches
  2 deep elf master archers (Elf:3)
  An ancient champion (Crypt:1)
  A walking frostbound tome (Depths:2)
  9 sphinxes
  The ghost of Jannitor the Fighter, an adept DgDe (Elf:1)
  An acid blob (shapeshifter) (Vaults:5)
  Kirke (D:13)
  A death cob (Zot:1)
  Agnes (D:15)
  Frances (D:13)
  5 shadow dragons
  4 tengu reavers
  8 storm dragons
  3 nagarajas
  Aizul (Snake:1)
  A draconian monk (Zot:3)
  2 draconian knights
  Roxanne (Elf:3)
  5 deep elf sorcerers (Elf:3)
  8 frost giants
  10 fire giants
  A draconian scorcher (Zot:2)
  11 vault wardens
  A ghoul (Crypt:2)
  3 curse skulls
  5 deep elf elementalists (Elf:3)
  2 ghost moths
  2 draconian shifters (Zot:2)
  A reaper (Zot:3)
  2 spriggan defenders (Depths:3)
  A juggernaut skeleton (Crypt:3)
  10 stone giants
  3 formless jellyfish
  13 ironbound preservers
  8 war gargoyles
  20 very ugly things
  A draconian annihilator (Depths:4)
  2 vampire knights (Crypt:2)
  The ghost of Vewotah the Mimic, a journeyman OpSh of Trog (Orc:1)
  4 deep elf demonologists
  A lorocyproca (D:8)
  8 ironbound thunderhulks
  2 black draconians
  6 red draconians
  6 green draconians
  3 deep elf annihilators
  5 eleionomae
  4 purple draconians
  9 spark wasps
  17 dire elephants
  4 bunyips
  6 yellow draconians
  2 white draconians
  3 eidola
  A crystal guardian (Vaults:3)
  2 green deaths (Swamp:4)
  Snorg (Orc:2)
  A shambling mangrove (Swamp:3)
  9 ettins
  6 deep elf death magi
  8 yaktaur captains
  An entropy weaver (Vaults:4)
  6 fire dragons
  Josephine (D:13)
  12 ice dragons
  3 deep elf high priests (Elf:3)
  A rakshasa (Depths:3)
  5 hydras
  Harold (Lair:1)
  A caustic shrike simulacrum (Crypt:1)
  A quicksilver dragon skeleton (Crypt:3)
  6 great orbs of eyes
  4 salamander tyrants (Snake:4)
  28 vault guards
  9 anacondas
  3 peacekeepers
  5 ironbound frosthearts
  A radroach (shapeshifter) (Lair:5)
  2 catoblepae (Lair:3)
  A death knight (Crypt:2)
  3 ghost crabs
  5 spriggan air magi
  11 centaur warriors
  4 boulder beetles
  A sphinx skeleton (Crypt:2)
  An ogre mage (Vaults:5)
  7 alligators
  2 two-headed ogres
  21 dancing weapons
  3 vampire magi
  12 naga warriors
  2 deep troll shamans
  5 deep troll earth magi
  4 spriggan berserkers
  2 thrashing horrors (Lair:5)
  11 shock serpents
  3 orc high priests
  2 occultists
  7 naga sharpshooters
  A skyshark (shapeshifter) (Lair:5)
  17 hell knights
  16 deep elf knights
  5 spriggans
  2 soul eaters (Crypt:1)
  A shadow wraith (Crypt:3)
  3 salamander mystics
  8 skeletal warriors
  3 iron trolls
  4 glowing orange brains
  3 goliath frogs
  8 bog bodies
  A death drake (Zot:2)
  A shadow demon (Zot:3)
  10 flayed ghosts
  45 deep trolls
  15 deep elf archers
  A spriggan druid (Swamp:2)
  5 swamp dragons (Swamp:4)
  A naga ritualist (Snake:4)
  2 lindwurms (shapeshifter) (Vaults:5)
  5 necromancers
  3 harpies
  12 ironbound convokers
  6 arcanists
  6 lindwurms
  4 orc knights
  A golden dragon skeleton (Crypt:2)
  28 deep elf pyromancers
  A goliath frog zombie (Crypt:2)
  22 phantasmal warriors
  45 ugly things
  15 deep elf zephyrmancers
  An iron dragon zombie (Depths:1)
  3 manticores
  A faun (Snake:1)
  A frost giant zombie (Depths:1)
  An anaconda skeleton (Crypt:3)
  9 moths of wrath
  An orc sorcerer (Orc:2)
  A will-o-the-wisp (Lair:3)
  An elephant (Lair:4)
  4 mana vipers
  12 salamanders
  12 large abominations
  A cyclops (D:14)
  A formless jellyfish zombie (Crypt:1)
  Maurice (Orc:2)
  14 naga magi
  18 vault sentinels
  A rust devil (Zot:5)
  4 gargoyles
  4 smoke demons
  A water nymph (shapeshifter) (Vaults:5)
  16 black mambas
  Maggie (D:7)
  2 cane toads
  A hellion (Depths:1)
  A komodo dragon (shapeshifter) (D:14)
  A torpor snail (Lair:3)
  Jeremiah (D:7)
  A naga skeleton (Crypt:1)
  A grey draconian zombie (Crypt:2)
  3 kobold demonologists
  A dire elephant skeleton (Crypt:3)
  2 komodo dragons
  28 yaktaurs
  A death yak skeleton (Crypt:1)
  3 guardian mummies (Crypt:3)
  3 tengu conjurers
  2 red devils (Crypt:3)
  5 tyrant leeches
  2 trolls
  6 freezing wraiths
  9 hornets
  7 polar bears
  A meliai (shapeshifter) (D:15)
  2 meliai (D:13)
  16 blink frogs
  2 raiju (Lair:5)
  A dream sheep (Lair:5)
  A glass eye (shapeshifter) (Vaults:2)
  A snapping turtle (Vaults:1)
  4 glass eyes
  A jumping spider zombie (Crypt:2)
  6 air elementals
  A jumping spider (shapeshifter) (Vaults:5)
  An ice dragon skeleton (Crypt:2)
  6 shadows
  A ynoxinul (Lair:5)
  A naga simulacrum (Crypt:1)
  6 water elementals
  A culicivora (shapeshifter) (Lair:5)
  12 small abominations
  16 yaks
  A human (D:7)
  3 hogs (D:13)
  29 slime creatures
  2 wyverns (Lair:5)
  9 wraiths
  A vampire (D:13)
  A black mamba skeleton (Crypt:1)
  3 fire elementals
  A fire bat (Vaults:5)
  A chaos spawn (Lair:5)
  5 neqoxecs (Orc:1)
  2 golden eyes (D:6)
  2 redbacks (shapeshifter) (Vaults:5)
  2 basilisks
  2 steam dragons (D:7)
  A human zombie (Depths:1)
  7 vampire mosquitoes
  15 nagas
  8 swamp worms
  3 nameless horrors
  Duvessa (D:7)
  5 water moccasins
  12 orc warriors
  An ice beast (Lair:5)
  3 sky beasts
  A black bear (D:9)
  3 ogres (Vaults:5)
  4 boggarts
  2 wolves
  10 centaurs
  3 phantoms
  An elf zombie (Elf:1)
  2 kobold brigands (D:7)
  2 necrophages (Crypt:2)
  6 bullfrogs
  2 earth elementals (Elf:1)
  4 scorpions
  A hornet simulacrum (D:15)
  4 wights (D:6)
  Dowan (D:7)
  4 killer bees
  2 electric eels
  2 hounds
  2 jellies
  3 quasits (Orc:1)
  12 orc priests
  3 iguanas (D:5)
  Ijyb (D:5)
  A boggart zombie (Crypt:2)
  2 sleepcaps
  6 orc wizards
  10 mummies (Crypt:3)
  3 gnolls
  8 adders
  A shadow imp (D:6)
  A lava snake skeleton (Crypt:2)
  2 worms
  4 dart slugs
  40 orcs
  9 ball pythons
  6 endoplasms
  4 giant cockroaches
  12 goblins
  2 hobgoblins
  23 kobolds
  5 quokkas
  8 bats
  3 frilled lizards
  3 rats (D:2)
  A spectral orc (D:7)
1422 creatures vanquished.

Vanquished Creatures (collateral kills)
  2 dread liches (Vaults:5)
  A juggernaut (Depths:4)
  A golden dragon (Depths:3)
  2 tentacled monstrosities
  Zenata (Elf:3)
  A lich (Depths:3)
  A death cob (Zot:3)
  2 vault wardens
  A ghost moth (Zot:2)
  2 deep elf sorcerers (Elf:3)
  Louise (Swamp:4)
  2 ironbound preservers
  2 stone giants
  3 very ugly things
  A war gargoyle (Vaults:2)
  A deep elf demonologist (Elf:3)
  A dire elephant (Vaults:1)
  2 deep elf annihilators (Elf:3)
  2 black draconians
  2 yellow draconians
  A white draconian (Zot:3)
  A purple draconian (Zot:3)
  A spark wasp (Depths:3)
  3 deep elf death magi
  An ettin (Orc:1)
  A fire dragon (Depths:2)
  A yaktaur captain (Vaults:5)
  A great orb of eyes (Vaults:1)
  A peacekeeper (Vaults:2)
  A vault guard (Vaults:5)
  6 hydras
  A salamander tyrant (Snake:3)
  A centaur warrior (D:14)
  A ghost crab (Swamp:3)
  An alligator (Swamp:2)
  A death knight (D:15)
  2 ironbound frosthearts
  3 boulder beetles
  7 anacondas
  6 two-headed ogres
  3 dancing weapons
  An occultist (Elf:2)
  A vampire mage (Depths:4)
  A naga sharpshooter (Snake:4)
  3 naga warriors
  2 orc high priests
  Urug (Lair:2)
  A hell knight (Crypt:3)
  3 deep elf knights (Elf:2)
  2 skysharks
  3 shock serpents
  3 skeletal warriors
  3 salamander mystics
  4 shadow wraiths
  Lodul (D:10)
  4 goliath frogs
  7 deep trolls
  A spriggan druid (Swamp:2)
  2 swamp dragons (Swamp:4)
  2 ironbound convokers
  2 lindwurms
  3 phantasmal warriors
  A flayed ghost (Crypt:2)
  A bog body (Swamp:2)
  2 harpies (Vaults:2)
  7 ugly things
  5 deep elf pyromancers
  A naga ritualist (Snake:3)
  5 orc knights
  7 deep elf zephyrmancers
  6 salamanders
  5 orc sorcerers
  3 nameless horrors
  A manticore (D:12)
  5 mana vipers
  2 cyclopes (Orc:2)
  2 moths of wrath
  3 vault sentinels (Vaults:4)
  6 black mambas
  2 naga magi
  5 elephants
  A torpor snail (Lair:3)
  2 orange demons (Swamp:4)
  2 gargoyles
  2 unseen horrors (D:12)
  14 cane toads
  5 yaktaurs
  A rime drake (Lair:5)
  2 freezing wraiths
  10 komodo dragons
  2 red devils (Crypt:3)
  A queen bee (shapeshifter) (Elf:1)
  A meliai (D:13)
  5 trolls
  2 large abominations
  4 polar bears
  A tyrant leech (Swamp:2)
  2 hornets (Swamp:1)
  18 blink frogs
  Prince Ribbit (D:6)
  3 dream sheep (Lair:5)
  8 slime creatures
  An air elemental (Elf:2)
  3 spriggans
  3 wyverns
  4 basilisks
  3 wraiths
  6 shadows
  26 yaks
  2 fire bats (Lair:2)
  A redback (shapeshifter) (Vaults:5)
  A chaos spawn (Lair:5)
  11 vampire mosquitoes
  5 swamp worms
  A warg (Orc:2)
  7 nagas
  An acid dragon (D:12)
  21 orc warriors
  8 water moccasins
  8 ice beasts (Lair:5)
  A sky beast (D:7)
  10 ogres
  3 black bears
  11 wolves
  5 centaurs
  2 kobold brigands
  A scorpion (D:9)
  4 bullfrogs
  4 small abominations
  5 killer bees
  An electric eel (Lair:3)
  A spriggan skeleton (Crypt:2)
  6 lava snakes
  14 orc priests
  10 orc wizards
  A naga zombie (Crypt:1)
  A mummy (Crypt:3)
  A gnoll (D:8)
  A white imp (Lair:5)
  45 orcs
  3 goblins
  12 kobolds
535 creatures vanquished.

Vanquished Creatures (others)
  2 death cobs
  A white draconian (Zot:1)
  A deep elf knight (Elf:3)
  2 deep trolls
  A harpy (Vaults:5)
  A deep elf zephyrmancer (Elf:3)
  An ugly thing (D:14)
  A naga mage (Snake:4)
  A yaktaur (Vaults:5)
  2 bloated husks
  10 dancing weapons
  A swamp drake (Swamp:1)
  An orc (Elf:3)
  5 foxfires (Swamp:1)
30 creatures vanquished.

Grand Total: 1987 creatures vanquished

Notes
Turn   | Place    | Note
-------+----------+-------------------------------------------
     0 | D:1      | EnegeticOcto the Felid Chaos Knight began the quest for the
                  | Orb.
     0 | D:1      | Reached XP level 1. HP: 10/10 MP: 2/2
     2 | D:1      | XOM: silly message
   154 | D:1      | Reached skill level 1 in Stealth
   287 | D:1      | Reached skill level 2 in Stealth
   351 | D:1      | XOM: divination: detect items
   357 | D:1      | Reached XP level 2. HP: 14/14 MP: 3/3
   365 | D:1      | XOM: silly message
   381 | D:1      | XOM: stat loss: -1 Dex (14/15)
   420 | D:1      | Reached skill level 3 in Stealth
   499 | D:1      | XOM: 3-stop teleportation journey
   753 | D:2      | Reached skill level 1 in Hexes
   970 | D:2      | XOM: silly message
  1066 | D:2      | XOM: cloud trail
  1076 | D:2      | Reached skill level 2 in Hexes
  1390 | D:2      | XOM is BORED!
  1662 | D:3      | Reached XP level 3. HP: 17/17 MP: 4/4
  1665 | D:3      | Learned a level 2 spell: Jinxbite
  1782 | D:3      | Reached skill level 3 in Hexes
  2247 | D:3      | XOM: divination: detect items
  2258 | D:3      | Identified the +1 robe of Makhleb {rPois rC+ Dex-3}
  2312 | D:3      | XOM: summons 4 hostile shadow creatures
  2420 | D:3      | XOM: silly message
  2422 | D:3      | XOM: give mutations
  2422 | D:3      | Gained mutation: Your magical capacity is low. (-10% MP)
                  | [Xom's mischief]
  2422 | D:3      | Gained mutation: Your muscles are strong. (Str +4, Int/Dex
                  | -1) [Xom's mischief]
  2422 | D:3      | Gained mutation: Your spells are a little harder to cast,
                  | but a little more powerful. [Xom's mischief]
  2434 | D:2      | Reached skill level 4 in Hexes
  2461 | D:2      | XOM: 1-stop teleportation journey
  2468 | D:2      | Reached XP level 4. HP: 17/21 MP: 1/4
  2604 | D:2      | Identified the +0 helmet of Shadows and Fog {rPois rC+}
  2910 | D:4      | Reached skill level 1 in Spellcasting
  2911 | D:4      | XOM: summons 1 hostile shadow creature
  2925 | D:4      | Reached XP level 5. HP: 16/24 MP: 4/6
  3051 | D:4      | Reached skill level 4 in Dodging
  3250 | D:4      | XOM: 9-stop teleportation journey
  3425 | D:4      | XOM: enchant monster (bad)
  3429 | D:4      | Reached skill level 5 in Hexes
  3444 | D:4      | Noticed a phantom
  3455 | D:4      | Learned a level 3 spell: Confusing Touch
  3489 | D:4      | XOM: smoke on damage
  3491 | D:4      | XOM: enchant monster (bad)
  3499 | D:4      | Killed a phantom
  3500 | D:4      | Reached skill level 4 in Unarmed Combat
  3500 | D:4      | Gained mutation: You are covered in thick fur. (AC +2)
                  | [Felid growth]
  3500 | D:4      | Reached XP level 6. HP: 3/28 MP: 4/7
  4172 | D:4      | XOM: divination: magic mapping
  4323 | D:3      | Reached skill level 5 in Dodging
  4449 | D:3      | Found a sparkling altar of Nemelex Xobeh.
  4514 | D:5      | Entered Level 5 of the Dungeon
  4583 | D:5      | Found a staircase to the Ecumenical Temple.
  4623 | D:5      | XOM: smoke on damage
  4624 | D:5      | Reached skill level 6 in Hexes
  4646 | D:5      | XOM: divination: magic mapping
  4773 | D:5      | XOM: god gift: 40 gold pieces
  4852 | D:5      | a centaur changed into a sky beast
  4852 | D:5      | Noticed a sky beast
  4852 | D:5      | XOM: polymorph centaur -> sky beast
  4865 | D:5      | XOM: noise
  4871 | D:5      | XOM: enchant monster (good)
  4878 | D:5      | Killed a sky beast
  4879 | D:5      | Reached skill level 5 in Unarmed Combat
  4879 | D:5      | Reached XP level 7. HP: 9/31 MP: 3/8
  4920 | D:5      | XOM: noise
  4972 | D:5      | Noticed Ijyb
  4986 | D:5      | Killed Ijyb
  5110 | D:5      | XOM: potion effect (magic)
  5114 | D:5      | XOM: silly message
  5304 | D:5      | XOM: silly message
  5311 | D:5      | Reached skill level 6 in Dodging
  5316 | D:5      | XOM: silly message
  5357 | D:5      | Reached skill level 7 in Hexes
  5522 | D:5      | Reached skill level 4 in Fighting
  5838 | D:6      | XOM: potion effect (haste)
  5841 | D:6      | XOM: 1-stop teleportation journey
  5858 | D:6      | Reached XP level 8. HP: 9/36 MP: 6/9
  5864 | D:6      | XOM: confusion
  5997 | D:6      | Reached skill level 8 in Hexes
  6070 | D:6      | Noticed Prince Ribbit
  6079 | D:6      | XOM: cast spell 'Summon Cactus Giant'
  6082 | D:6      | Killed Prince Ribbit
  6083 | D:6      | Reached skill level 5 in Fighting
  6167 | D:6      | Reached skill level 2 in Spellcasting
  6176 | D:6      | Reached skill level 9 in Hexes
  6232 | D:6      | XOM: cast spell 'Summon Mana Viper'
  6242 | D:6      | XOM: scenery: create altars
  6243 | D:6      | You fall into a shaft and drop 2 floors!
  6392 | D:8      | XOM: noise
  6409 | D:8      | XOM: silly message
  6478 | D:8      | Found a flagged portal.
  6495 | Bailey   | Entered a bailey
  6501 | Bailey   | Noticed an orc knight
  6510 | Bailey   | Learned a level 3 spell: Tukima's Dance
  6526 | Bailey   | XOM: chaos upgrade
  6539 | Bailey   | Reached skill level 3 in Spellcasting
  6554 | Bailey   | Reached skill level 10 in Hexes
  6566 | Bailey   | XOM: give mutations
  6566 | Bailey   | Gained mutation: Your mind is acute. (Int +4, Str/Dex -1)
                  | [Xom's mischief]
  6566 | Bailey   | Lost mutation: Your muscles are strong. (Str +4, Int/Dex
                  | -1) [Xom's mischief]
  6719 | Bailey   | Reached skill level 1 in Summonings
  6746 | Bailey   | Noticed an orc knight
  6822 | Bailey   | Noticed an orc knight
  6825 | Bailey   | XOM: 1-stop teleportation journey
  6846 | Bailey   | Killed an orc knight
  6847 | Bailey   | Reached skill level 4 in Spellcasting
  6847 | Bailey   | Reached skill level 3 in Summonings
  6847 | Bailey   | Reached XP level 9. HP: 40/40 MP: 5/14
  6893 | Bailey   | XOM: summons 5 friendly demons
  6906 | Bailey   | Reached skill level 4 in Summonings
  6926 | Bailey   | Learned a level 5 spell: Summon Mana Viper
  7001 | Bailey   | XOM: divination: magic mapping
  7006 | Bailey   | XOM: cleaving
  7011 | Bailey   | Killed an orc knight
  7041 | Bailey   | Reached skill level 5 in Summonings
  7093 | Bailey   | Killed an orc knight
  7094 | Bailey   | Reached skill level 5 in Spellcasting
  7094 | Bailey   | Reached skill level 11 in Hexes
  7352 | Bailey   | XOM: potion effect (brilliance)
  7713 | D:6      | Reached skill level 6 in Spellcasting
  7807 | D:6      | Identified the +2 scale mail of the Arena {rCorr Dex+3}
                  | (Xom gifted it to you on level 6 of the Dungeon)
  7807 | D:6      | XOM: god gift: +2 scale mail of the Arena {rCorr Dex+3}
  7811 | D:6      | Found a stormy altar of Qazlal.
  7813 | D:6      | Found a blossoming altar of Fedhas.
  7937 | D:6      | XOM: noise
  7951 | D:7      | Found an iron altar of Okawaru.
  7955 | D:7      | Found a burning altar of Makhleb.
  7957 | D:7      | Found an ornate altar of the Wu Jian Council.
  7957 | D:7      | Found a sacrificial altar of Ru.
  7959 | D:7      | Found a bloodstained altar of Trog.
  7965 | D:7      | Reached skill level 12 in Hexes
  8024 | D:7      | XOM: scenery: summon butterflies
  8114 | D:7      | Found a shimmering blue altar of Sif Muna.
  8194 | D:7      | Noticed Jeremiah
  8205 | D:7      | XOM: fake destruction
  8212 | D:7      | Reached XP level 10. HP: 39/44 MP: 14/18
  8357 | D:7      | XOM: cloud trail
  8414 | D:7      | XOM: 6-stop teleportation journey
  8486 | D:7      | XOM: polymorph wyvern -> human
  8608 | D:7      | Killed Jeremiah
  8692 | D:7      | Noticed a nameless horror
  8694 | D:7      | XOM: enchant monster (bad)
  8709 | D:7      | XOM: silly message
  8712 | D:7      | XOM: summons 3 hostile shadow creatures
  8716 | D:7      | Found a glowing golden altar of the Shining One.
  8716 | D:7      | Found a white marble altar of Elyvilon.
  8716 | D:7      | Found a glowing silver altar of Zin.
  8716 | D:7      | XOM: 3-stop teleportation journey
  8962 | D:7      | XOM: summons 4 hostile demons
  9056 | D:7      | Noticed Maggie
  9066 | D:7      | XOM: butterfly on damage
  9070 | D:7      | Killed Maggie
  9071 | D:7      | Reached skill level 6 in Summonings
  9100 | D:7      | XOM: give mutations
  9100 | D:7      | Gained mutation: You are strong-willed. (Will+) [Xom's
                  | mischief]
  9100 | D:7      | Gained mutation: You passively map a small area around you.
                  | [Xom's mischief]
  9100 | D:7      | Gained mutation: You are frail. (-10% HP) [Xom's mischief]
  9100 | D:7      | Gained mutation: Your magical capacity is very low. (-20%
                  | MP) [Xom's mischief]
  9122 | D:7      | Noticed Duvessa
  9138 | D:7      | Killed Duvessa
  9139 | D:7      | Reached skill level 13 in Hexes
  9144 | D:7      | Noticed Dowan
  9154 | D:7      | Killed Dowan
  9384 | D:7      | Reached skill level 7 in Summonings
  9432 | D:7      | XOM: draining
  9516 | D:7      | Killed a nameless horror
  9686 | D:7      | Found a basalt altar of Yredelemnul.
  9991 | D:8      | XOM: smoke on damage
 10322 | D:8      | XOM: divination: magic mapping
 10335 | D:8      | XOM: give mutations
 10335 | D:8      | Gained mutation: Your mind is very acute. (Int +8, Str/Dex
                  | -2) [Xom's grace]
 10335 | D:8      | Gained mutation: You have a pair of small horns on your
                  | head. [Xom's grace]
 10335 | D:8      | Gained mutation: You are resistant to electric shocks.
                  | (rElec) [Xom's grace]
 10509 | D:8      | Found a snail-covered altar of Cheibriados.
 10539 | D:8      | XOM: cloud trail
 10774 | D:9      | Found Qamaitud's Weapon Shoppe.
 10989 | D:9      | Noticed a two-headed ogre
 10989 | D:9      | XOM: 8-stop teleportation journey
 11287 | D:9      | Found a staircase to the Lair.
 11287 | D:9      | Noticed an elephant
 11293 | D:9      | XOM: butterfly on damage
 11298 | D:9      | Killed an elephant
 11376 | D:9      | Reached skill level 7 in Dodging
 11666 | D:9      | Killed a two-headed ogre
 11667 | D:9      | Reached skill level 6 in Fighting
 11753 | D:9      | Found a broken altar of Ashenzari.
 11842 | D:10     | Entered Level 10 of the Dungeon
 12050 | D:10     | Noticed a two-headed ogre
 12079 | D:10     | a two-headed ogre changed into a moth of wrath
 12079 | D:10     | Noticed a moth of wrath
 12079 | D:10     | XOM: polymorph two-headed ogre -> moth of wrath
 12082 | D:10     | Killed a moth of wrath
 12083 | D:10     | Reached XP level 11. HP: 43/43 MP: 12/17
 12086 | D:10     | Reached skill level 8 in Summonings
 12225 | D:10     | Reached skill level 8 in Dodging
 12225 | D:10     | Reached skill level 14 in Hexes
 12286 | D:10     | XOM: god gift: 2 atropa-tipped darts
 12412 | D:10     | XOM: summons 3 friendly demons
 12418 | D:10     | XOM: summons 1 hostile demon
 12608 | D:10     | XOM: cloud trail
 12685 | D:10     | Reached skill level 7 in Fighting
 12694 | D:10     | Reached skill level 9 in Dodging
 12695 | D:10     | Noticed Lodul
 12698 | D:10     | Killed Lodul
 12863 | D:10     | Noticed a two-headed ogre
 12874 | D:10     | XOM: potion effect (experience)
 12874 | D:10     | Reached skill level 9 in Spellcasting
 12874 | D:10     | Gained mutation: Your thick and shaggy fur keeps you warm.
                  | (AC +3, rC+) [Felid growth]
 12874 | D:10     | Reached XP level 12. HP: 49/49 MP: 17/21
 12886 | D:10     | Killed a two-headed ogre
 12887 | D:10     | Reached skill level 10 in Dodging
 12887 | D:10     | Reached skill level 1 in Evocations
 13253 | D:11     | Reached skill level 8 in Fighting
 13296 | D:11     | XOM: divination: detect items
 13415 | D:11     | XOM: silly message
 13460 | D:11     | Noticed a boulder beetle
 13493 | D:11     | Killed a boulder beetle
 13494 | D:11     | Reached skill level 4 in Stealth
 13494 | D:11     | Reached skill level 2 in Evocations
 13577 | D:11     | Found a staircase to the Orcish Mines.
 14051 | Lair:1   | Entered Level 1 of the Lair of Beasts
 14105 | Lair:1   | Reached skill level 5 in Stealth
 14287 | Lair:1   | Reached skill level 3 in Evocations
 14497 | Lair:1   | XOM: 1-stop teleportation journey
 14712 | Lair:1   | Reached skill level 6 in Stealth
 14728 | Lair:1   | Noticed Harold
 14749 | Lair:1   | Killed Harold
 14750 | Lair:1   | Reached skill level 11 in Dodging
 14750 | Lair:1   | Reached skill level 4 in Evocations
 14769 | Lair:1   | Reached skill level 9 in Fighting
 14769 | Lair:1   | Reached XP level 13. HP: 28/54 MP: 22/22
 15536 | Lair:2   | Reached skill level 12 in Dodging
 15659 | Lair:2   | Noticed Urug
 15681 | Lair:2   | XOM: butterfly on damage
 15687 | Lair:2   | Killed Urug
 16005 | Lair:2   | Reached skill level 10 in Fighting
 16019 | Lair:2   | XOM: noise
 16291 | Lair:2   | Reached skill level 13 in Dodging
 16329 | Lair:2   | XOM: divination: magic mapping
 16823 | Lair:3   | Reached skill level 1 in Shapeshifting
 16867 | Lair:3   | Found a staircase to the Swamp.
 16967 | Lair:3   | Reached skill level 2 in Shapeshifting
 17217 | Lair:3   | You fall into a shaft and drop 2 floors!
 17217 | Lair:5   | Entered Level 5 of the Lair of Beasts
 17243 | Lair:5   | Reached skill level 14 in Dodging
 17250 | Lair:5   | Reached skill level 3 in Shapeshifting
 17429 | Lair:3   | Reached skill level 4 in Shapeshifting
 17721 | Lair:3   | Reached skill level 5 in Shapeshifting
 17807 | Lair:3   | Reached skill level 6 in Shapeshifting
 17849 | Lair:3   | Found a staircase to the Snake Pit.
 17859 | Lair:3   | XOM: silly message
 17917 | Lair:3   | XOM: give mutations
 17917 | Lair:3   | Lost mutation: You are strong-willed. (Will+) [Xom's
                  | mischief]
 17917 | Lair:3   | Lost mutation: Your spells are a little harder to cast, but
                  | a little more powerful. [Xom's mischief]
 18159 | Lair:3   | Reached skill level 7 in Shapeshifting
 18181 | Lair:3   | XOM: give mutations
 18181 | Lair:3   | Gained mutation: You have a pair of horns on your head.
                  | [Xom's grace]
 18181 | Lair:3   | Gained mutation: You have a somewhat thin skeletal
                  | structure. (Dex +2, Stealth+) [Xom's grace]
 18181 | Lair:3   | Gained mutation: Your flesh is cold resistant. (rC+) [Xom's
                  | grace]
 18279 | Lair:3   | XOM: summons 2 hostile demons
 18699 | Lair:4   | Found a viscous altar of Jiyva.
 18699 | Lair:4   | Found a staircase to the Slime Pits.
 18709 | Lair:4   | Reached skill level 8 in Shapeshifting
 18851 | Lair:4   | Reached XP level 14. HP: 59/59 MP: 17/23
 18931 | Lair:4   | XOM: smoke on damage
 18945 | Lair:4   | XOM: divine lightning
 18950 | Lair:4   | XOM: fog
 18970 | Lair:4   | Reached skill level 9 in Shapeshifting
 19714 | Lair:5   | XOM: butterfly on damage
 19846 | Lair:4   | XOM: give mutation
 19846 | Lair:4   | Gained mutation: Your muscles are strong. (Str +4, Int/Dex
                  | -1) [Xom's grace]
 20050 | Lair:5   | Reached skill level 10 in Shapeshifting
 20216 | Lair:5   | XOM: polymorph mana viper -> shapeshifter
 20523 | Lair:5   | XOM: polymorph mana viper -> wolf spider
 20582 | Lair:5   | XOM: god gift: 950 gold pieces
 20681 | Lair:5   | Learned a level 1 spell: Apportation
 20834 | Lair:5   | Reached skill level 11 in Shapeshifting
 21556 | D:12     | Noticed a storm dragon
 21646 | D:12     | XOM: scenery: create altars
 21654 | D:12     | Killed a storm dragon
 21670 | D:12     | XOM: cloud trail
 21795 | D:11     | XOM: give mutations
 21795 | D:11     | Lost mutation: Your mind is very acute. (Int +8, Str/Dex
                  | -2) [Xom's mischief]
 21795 | D:11     | Lost mutation: You passively map a small area around you.
                  | [Xom's mischief]
 21795 | D:11     | Lost mutation: Your muscles are strong. (Str +4, Int/Dex
                  | -1) [Xom's mischief]
 21946 | D:12     | Found Dakkewu's Weapon Shoppe.
 21952 | D:12     | XOM: 1-stop teleportation journey
 21987 | D:12     | XOM: enchant monster (good)
 21995 | D:12     | Reached skill level 12 in Shapeshifting
 22248 | D:12     | Found Finef's Distillery.
 22255 | D:12     | Bought a potion of curing for 30 gold pieces
 22430 | D:12     | XOM: cloud trail
 22447 | D:12     | XOM: 2-stop teleportation journey
 23007 | D:12     | XOM: scenery: summon butterflies
 23141 | Orc:1    | Entered Level 1 of the Orcish Mines
 23152 | Orc:1    | XOM: butterfly on damage
 23451 | Orc:2    | Entered Level 2 of the Orcish Mines
 23533 | Orc:1    | Found a transporter.
 23666 | Orc:1    | XOM: divination: magic mapping
 23681 | Orc:1    | Reached skill level 13 in Shapeshifting
 23729 | Orc:1    | Found a transporter.
 23868 | Orc:1    | Noticed Vewotah's ghost (journeyman OpSh)
 24027 | Orc:1    | XOM: scenery: summon butterflies
 24077 | Orc:2    | Noticed Snorg
 24127 | Orc:2    | XOM: scenery: summon butterflies
 24379 | Orc:2    | XOM: potion effect (invisibility)
 24384 | Orc:2    | XOM: noise
 24388 | Orc:2    | Noticed Jorgrun
 24391 | Orc:2    | Noticed Maurice
 24396 | Orc:2    | XOM: silly message
 24406 | Orc:2    | Killed Jorgrun
 24406 | Orc:2    | Killed Maurice
 24411 | Orc:2    | Killed Snorg
 24847 | Orc:2    | Found a staircase to the Elven Halls.
 25012 | Orc:2    | Reached skill level 14 in Shapeshifting
 25095 | Orc:2    | HP: 1/59 [sixfirhy[an orc sorcerer] (14)]
 25095 | Orc:2    | Slain by a sixfirhy
 25324 | Orc:1    | XOM: summons 3 hostile demons
 25406 | Orc:2    | Reached XP level 15. HP: 61/62 MP: 24/24
 25825 | Orc:2    | Found Ynnune's Magic Scroll Boutique.
 25833 | Orc:2    | XOM: polymorph mana viper -> sea snake
 25843 | Orc:2    | Slain by a sixfirhy
 25872 | Orc:2    | Found Caedd's Distillery.
 25879 | Orc:2    | Bought a scroll of teleportation for 42 gold pieces
 25879 | Orc:2    | Bought a scroll of fear for 56 gold pieces
 25882 | Orc:2    | Bought a potion of magic for 112 gold pieces
 25882 | Orc:2    | Bought a potion of curing for 42 gold pieces
 25882 | Orc:2    | Found Neplu Umi's Weapon Shoppe.
 25901 | Orc:2    | Found Etuoschi's Antique Weapon Boutique.
 26013 | D:13     | Noticed Josephine
 26096 | D:13     | Reached skill level 6 in Unarmed Combat
 26590 | D:13     | Killed Josephine
 26699 | D:13     | Reached skill level 7 in Unarmed Combat
 26711 | D:13     | XOM: stat loss: -1 Int (18/19)
 26765 | D:13     | Noticed Kirke
 26769 | D:13     | XOM: silly message
 26777 | D:13     | Killed Kirke
 26843 | D:13     | Reached skill level 8 in Unarmed Combat
 27080 | D:13     | Noticed Frances
 27090 | D:13     | Killed Frances
 27133 | D:13     | XOM: give mutations
 27133 | D:13     | Lost mutation: You have a somewhat thin skeletal structure.
                  | (Dex +2, Stealth+) [Xom's mischief]
 27133 | D:13     | Lost mutation: You have a pair of horns on your head.
                  | [Xom's mischief]
 27206 | D:14     | XOM: noise
 27360 | D:14     | XOM: summons 7 hostile demons
 27366 | D:14     | XOM: summons 3 hostile demons
 27369 | D:14     | XOM: chaos cloud
 27372 | D:14     | Paralysed by you for 4 turns
 27380 | D:14     | Paralysed by you for 4 turns
 27394 | D:14     | Reached skill level 9 in Unarmed Combat
 27557 | D:14     | XOM: scenery: 2 doors open
 27562 | D:14     | XOM: confuse monster(s)
 27729 | D:14     | Found a blossoming altar of Fedhas.
 27765 | D:14     | Found an iron altar of Okawaru.
 27822 | D:14     | XOM: give mutation
 27822 | D:14     | Gained mutation: You are strong-willed. (Will+) [Xom's
                  | mischief]
 27945 | D:14     | Found a gate to the Vaults.
 27954 | D:14     | XOM: scenery: create altars
 27962 | D:14     | Reached skill level 10 in Unarmed Combat
 28404 | D:15     | Entered Level 15 of the Dungeon
 28449 | D:15     | XOM: divination: detect creatures
 28497 | D:15     | XOM: scenery: 1 doors open
 28503 | D:15     | XOM: cast spell 'Alistair's Intoxication'
 28517 | D:15     | Noticed Agnes
 28518 | D:15     | XOM: potion effect (brilliance)
 28525 | D:15     | Killed Agnes
 28635 | D:15     | Found a staircase to the Depths.
 28835 | D:15     | XOM: divination: detect items
 28852 | D:15     | Reached skill level 11 in Unarmed Combat
 29162 | D:15     | XOM: potion effect (brilliance)
 29169 | D:15     | XOM: potion effect (brilliance)
 29289 | D:15     | XOM: potion effect (attraction)
 29370 | D:15     | Reached skill level 12 in Unarmed Combat
 29608 | D:15     | Noticed Rupert
 29898 | D:15     | XOM: divination: detect creatures
 30092 | D:15     | Learned a level 2 spell: Passwall
 30492 | Lair:5   | Reached XP level 16. HP: 65/65 MP: 17/24
 30502 | Lair:5   | XOM: potion effect (brilliance)
 30690 | Lair:5   | XOM: cloud trail
 30870 | Lair:5   | XOM: silly message
 31090 | Lair:5   | Found a corrupted altar of Lugonu.
 31090 | Lair:5   | Found a one-way gate to the infinite horrors of the Abyss.
 31095 | Lair:5   | XOM: noise
 31331 | Snake:1  | Entered Level 1 of the Snake Pit
 31333 | Snake:1  | Identified the serpent talisman of Luotues {rElec rCorr
                  | Int-3}
 31333 | Snake:1  | Noticed Aizul
 31343 | Snake:1  | Killed Aizul
 31564 | Snake:1  | Reached skill level 13 in Unarmed Combat
 31609 | Snake:1  | Noticed Asterion
 31611 | Snake:1  | Asterion changed into Asterion the death drake
 31611 | Snake:1  | Noticed Asterion
 31616 | Snake:1  | Asterion the death drake changed into Asterion the faun
 31616 | Snake:1  | Noticed Asterion
 31616 | Snake:1  | XOM: polymorph Asterion the death drake -> Asterion the
                  | faun
 31620 | Snake:1  | Killed Asterion the faun
 31846 | Snake:1  | Reached skill level 11 in Fighting
 31860 | Snake:1  | XOM: cloud trail
 32000 | Snake:1  | XOM: noise
 32339 | Snake:1  | XOM: cast spell 'Summon Small Mammal'
 32378 | Snake:1  | XOM: swap monsters
 32448 | Snake:2  | XOM: confuse monster(s)
 32455 | Snake:2  | XOM: silly message
 32515 | Snake:1  | XOM: silly message
 33051 | Snake:1  | XOM: silly message
 33379 | Snake:2  | Reached skill level 12 in Fighting
 33406 | Snake:2  | XOM: 3-stop teleportation journey
 33459 | Snake:2  | XOM: 1-stop teleportation journey
 33646 | Snake:3  | Reached skill level 14 in Unarmed Combat
 33793 | Snake:3  | XOM: cast spell 'Olgreb's Toxic Radiance'
 33808 | Snake:3  | Reached skill level 1 in Earth Magic
 33836 | Snake:3  | Noticed Mara
 33843 | Snake:3  | XOM: confuse monster(s)
 33847 | Snake:3  | XOM: cast spell 'Olgreb's Toxic Radiance'
 33851 | Snake:3  | Noticed EnegeticOcto's illusion
 34019 | Snake:3  | Reached skill level 2 in Earth Magic
 34212 | Snake:2  | XOM: divination: detect items
 34215 | Snake:3  | Identified the +5 chain mail of the Falcon {Drain Str+4}
 34218 | Snake:3  | XOM: potion effect (might)
 34333 | Snake:3  | Reached XP level 17. HP: 72/72 MP: 20/25
 34345 | Snake:3  | Reached skill level 3 in Earth Magic
 34520 | Snake:3  | Noticed EnegeticOcto's illusion
 34650 | Snake:2  | XOM: silly message
 34777 | Snake:2  | XOM: silly message
 34996 | Snake:2  | XOM: silly message
 34999 | Snake:3  | XOM: potion effect (invisibility)
 35000 | Snake:3  | Noticed EnegeticOcto's illusion
 35013 | Snake:2  | XOM: give mutations
 35013 | Snake:2  | Gained mutation: You expend magic power (3 MP) to
                  | strengthen your wands. [Xom's grace]
 35013 | Snake:2  | Gained mutation: Your mind is very acute. (Int +8, Str/Dex
                  | -2) [Xom's grace]
 35013 | Snake:2  | Gained mutation: Your muscles are strong. (Str +4, Int/Dex
                  | -1) [Xom's grace]
 35013 | Snake:2  | Gained mutation: You have very sharp fingernails. [Xom's
                  | grace]
 35104 | Snake:3  | XOM: enchant monster (good)
 35111 | Snake:3  | Killed from afar by Mara (illusionary)
 35210 | Snake:4  | Entered Level 4 of the Snake Pit
 35257 | Snake:4  | XOM: give mutations
 35257 | Snake:4  | Lost mutation: You are frail. (-10% HP) [Xom's grace]
 35257 | Snake:4  | Gained mutation: You are robust. (+10% HP) [Xom's grace]
 35257 | Snake:4  | Gained mutation: You are partially covered in iridescent
                  | scales. (AC +2) [Xom's grace]
 35257 | Snake:4  | Gained mutation: Your muscles are very strong. (Str +8,
                  | Int/Dex -2) [Xom's grace]
 35388 | Snake:4  | Reached skill level 4 in Earth Magic
 35399 | Snake:3  | Reached skill level 13 in Fighting
 35468 | Snake:4  | XOM: god gift: 37 gold pieces
 35504 | Snake:4  | XOM: summons 2 friendly demons
 35768 | Snake:4  | XOM: summons friendly quasit
 35784 | Snake:4  | XOM: 3-stop teleportation journey
 36376 | Swamp:1  | Entered Level 1 of the Swamp
 36391 | Lair:3   | Reached skill level 14 in Fighting
 36620 | Swamp:1  | XOM: confusion (+ monsters)
 36718 | Lair:3   | XOM: enchant monster (good)
 36877 | Swamp:1  | XOM: 1-stop teleportation journey
 37098 | Swamp:1  | Learned a level 3 spell: Ozocubu's Armour
 37135 | Swamp:1  | XOM: give mutations
 37135 | Swamp:1  | Lost mutation: You have very sharp fingernails. [Xom's
                  | mischief]
 37135 | Swamp:1  | Lost mutation: You expend magic power (3 MP) to strengthen
                  | your wands. [Xom's mischief]
 37135 | Swamp:1  | Gained mutation: You have very sharp fingernails. [Xom's
                  | mischief]
 37135 | Swamp:1  | Lost mutation: You are resistant to electric shocks.
                  | (rElec) [Xom's mischief]
 37228 | Swamp:1  | XOM: give mutations
 37228 | Swamp:1  | Lost mutation: You have a pair of small horns on your head.
                  | [Xom's mischief]
 37228 | Swamp:1  | Lost mutation: Your magical capacity is very low. (-20% MP)
                  | [Xom's mischief]
 37379 | Swamp:1  | XOM: silly message
 37585 | Swamp:2  | Reached skill level 1 in Ice Magic
 37772 | Swamp:2  | Reached skill level 7 in Stealth
 38209 | Swamp:2  | Reached skill level 5 in Evocations
 38338 | Swamp:2  | XOM: give mutations
 38338 | Swamp:2  | Lost mutation: You are robust. (+10% HP) [Xom's mischief]
 38338 | Swamp:2  | Lost mutation: Your magical capacity is low. (-10% MP)
                  | [Xom's mischief]
 38406 | Swamp:3  | Reached skill level 2 in Ice Magic
 38720 | Swamp:3  | Reached skill level 8 in Stealth
 38722 | Swamp:3  | XOM: divination: detect creatures
 38943 | Swamp:3  | XOM: cloud trail
 39023 | Swamp:4  | Entered Level 4 of the Swamp
 39031 | Swamp:4  | XOM: divination: detect creatures
 39034 | Swamp:4  | Reached skill level 3 in Ice Magic
 39038 | Swamp:4  | Reached skill level 6 in Evocations
 39051 | Swamp:4  | Learned a level 2 spell: Blink
 39093 | Swamp:4  | Noticed Louise
 39094 | Swamp:4  | XOM: summons friendly crimson imp
 39111 | Swamp:4  | Killed Louise
 39112 | Swamp:4  | Reached skill level 1 in Translocations
 39222 | Swamp:4  | Reached skill level 2 in Translocations
 39224 | Swamp:4  | XOM: stat loss: -1 Dex (17/18)
 39341 | Swamp:4  | XOM: torment (75/96 hp)
 39561 | Swamp:4  | XOM: swap monsters
 39636 | Swamp:4  | Reached skill level 9 in Stealth
 39646 | Swamp:4  | XOM: summons 9 hostile demons
 39715 | Swamp:4  | Reached XP level 18. HP: 88/88 MP: 27/32
 39747 | Swamp:4  | Reached skill level 3 in Translocations
 39796 | Swamp:4  | Noticed a tentacled monstrosity
 39977 | Swamp:4  | Killed a tentacled monstrosity
 39978 | Swamp:4  | Reached skill level 4 in Ice Magic
 40042 | Swamp:4  | Reached skill level 4 in Translocations
 40095 | Swamp:4  | Reached skill level 7 in Evocations
 40153 | Swamp:4  | Got a decaying rune of Zot
 40383 | D:10     | XOM: summons 4 hostile shadow creatures
 40510 | Crypt:3  | Identified the "Zet Yne"
 40510 | Elf:1    | Identified the "Kalyin"
 40510 | WizLab   | Identified the of Sazogim
 40510 | Elf:1    | Entered Level 1 of the Elven Halls
 40529 | Elf:1    | XOM: 2-stop teleportation journey
 40537 | Elf:1    | Found a large runed translucent door.
 40537 | Elf:1    | Found a large runed translucent door.
 40541 | Elf:1    | Noticed Jannitor's ghost (adept DgDe)
 40647 | Elf:1    | Reached skill level 5 in Translocations
 40682 | Elf:1    | Reached skill level 10 in Stealth
 40744 | Elf:1    | XOM: enchant monster (bad)
 40746 | Elf:1    | XOM: noise
 40748 | Elf:1    | XOM: divination: detect items
 40851 | Elf:1    | Reached skill level 6 in Translocations
 40851 | Elf:1    | Reached skill level 5 in Ice Magic
 40854 | Elf:1    | XOM: god gift: 11 gold pieces
 40885 | Elf:1    | Identified the +6 glaive of Exquisite Death {heavy, Will+
                  | Int+4}
 41082 | Elf:1    | Reached skill level 8 in Evocations
 41480 | Elf:1    | Reached skill level 7 in Translocations
 41826 | Elf:1    | Killed Jannitor's ghost
 41992 | Orc:1    | Gained mutation: You are partially covered in large bone
                  | plates. (SH +4) [a neqoxec]
 42000 | Orc:1    | XOM: god gift: 6 gold pieces
 42004 | Orc:1    | Killed Vewotah's ghost
 42314 | Elf:2    | XOM: 1-stop teleportation journey
 42318 | Elf:2    | Reached skill level 6 in Ice Magic
 42322 | Elf:2    | Reached skill level 8 in Translocations
 42562 | Elf:2    | Paralysed by an air elemental for 1 turns
 42637 | Elf:2    | XOM: give mutation
 42637 | Elf:2    | Lost mutation: You have very sharp fingernails. [Xom's
                  | mischief]
 42660 | Elf:2    | Learned a level 5 spell: Irradiate
 42744 | Elf:2    | Reached skill level 9 in Evocations
 42777 | Elf:2    | Found a runed translucent gate.
 42777 | Elf:2    | Found a runed translucent gate.
 42793 | Elf:2    | Found a runed translucent gate.
 42856 | Elf:2    | XOM: god gift: glaive {god gift}
 43017 | Elf:2    | Reached skill level 1 in Transmutations
 43021 | Elf:2    | Reached skill level 1 in Conjurations
 43034 | Elf:2    | Reached skill level 10 in Spellcasting
 43035 | Elf:2    | XOM: polymorph mana viper -> shapeshifter
 43040 | Elf:2    | XOM: scenery: create altars
 43043 | Elf:2    | Reached skill level 9 in Translocations
 43150 | Elf:2    | XOM: scenery: summon butterflies
 43225 | Elf:2    | Reached skill level 2 in Transmutations
 43401 | Elf:2    | XOM: fog
 43408 | Elf:2    | Reached skill level 2 in Conjurations
 43516 | Elf:2    | XOM: give mutations
 43516 | Elf:2    | Gained mutation: You are mostly covered in iridescent
                  | scales. (AC +4) [Xom's grace]
 43516 | Elf:2    | Gained mutation: You expend magic power (3 MP) to
                  | strengthen your wands. [Xom's grace]
 43519 | Elf:2    | Reached skill level 3 in Transmutations
 43771 | Elf:3    | Identified the "Oleso"
 43771 | Elf:3    | Identified the of Urahein
 43771 | Elf:3    | Identified the "Gaixziow"
 43771 | Elf:3    | Identified the of Koesit
 43771 | Elf:3    | Identified the "Siezan"
 43771 | Elf:3    | Entered Level 3 of the Elven Halls
 43934 | Elf:3    | XOM: scenery: 2 doors open
 44045 | Elf:3    | XOM: smoke on damage
 44314 | Elf:3    | XOM: cast spell 'Monstrous Menagerie'
 44324 | Elf:3    | Reached skill level 3 in Conjurations
 44324 | Elf:3    | Reached skill level 10 in Translocations
 44324 | Elf:3    | Reached XP level 19. HP: 86/92 MP: 32/34
 44378 | Elf:3    | XOM: summons friendly crimson imp
 44380 | Elf:3    | Reached skill level 4 in Transmutations
 44389 | Elf:3    | Reached skill level 10 in Evocations
 44397 | Elf:3    | XOM: fake destruction
 44767 | Elf:3    | Noticed Zenata
 44782 | Elf:3    | Killed Zenata
 44783 | Elf:3    | Reached skill level 4 in Conjurations
 44928 | Elf:3    | Learned a level 4 spell: Cause Fear
 44943 | Elf:3    | Reached skill level 5 in Transmutations
 44949 | Elf:3    | Noticed Roxanne
 45224 | Elf:3    | Killed Roxanne
 45384 | Elf:3    | Identified the +3 orcbow "Asymiz" {antimagic, rC+}
 45481 | Elf:3    | XOM: 2-stop teleportation journey
 45495 | Elf:3    | XOM: god gift: +0 ring mail of cold resistance
 45560 | Elf:3    | XOM: give mutations
 45560 | Elf:3    | Gained mutation: You have a somewhat thin skeletal
                  | structure. (Dex +2, Stealth+) [Xom's grace]
 45560 | Elf:3    | Gained mutation: You are completely covered in iridescent
                  | scales. (AC +6) [Xom's grace]
 45560 | Elf:3    | Gained mutation: You have a pair of small horns on your
                  | head. [Xom's grace]
 45560 | Elf:3    | Gained mutation: You are somewhat resistant to further
                  | mutation. [Xom's grace]
 45624 | Elf:3    | Identified the +10 spear of Inquiry {flame, rF+}
 45635 | Elf:3    | Reached skill level 5 in Conjurations
 45635 | Elf:3    | Reached skill level 6 in Transmutations
 45994 | Elf:3    | Identified the +2 flail of Sin {pain, rPois Will+ rCorr
                  | Int-5}
 46423 | Elf:3    | Reached skill level 7 in Transmutations
 46567 | Elf:3    | XOM: enchant monster (bad)
 46577 | Elf:3    | Reached skill level 6 in Conjurations
 46625 | Elf:3    | Identified the +1 flail of Prudence {pain, rF+ Will+ Int+3}
 46625 | Elf:3    | Identified the ring of Wiocivey {Fire Int+5}
 46657 | Elf:3    | Noticed a Tzitzimitl
 46885 | Elf:3    | Identified the ring of Molaymei {Int+6 Slay+3}
 46978 | Elf:3    | Reached skill level 8 in Transmutations
 46993 | Elf:3    | Identified the +2 mace of Qexzes {drain, rElec Int+5}
 47005 | Elf:3    | XOM: butterfly on damage
 47041 | Elf:3    | Reached skill level 7 in Conjurations
 47383 | Elf:3    | Identified the +0 helmet of Agnosticism {Rampage rCorr
                  | Str-2}
 47472 | Elf:3    | Learned a level 2 spell: Lesser Beckoning
 47478 | Elf:3    | Learned a level 5 spell: Yara's Violent Unravelling
 47720 | Vaults:1 | Entered Level 1 of the Vaults
 47768 | Vaults:1 | XOM: summons friendly shadow imp
 47934 | Vaults:1 | Found Buydups's Antique Armour Emporium.
 47948 | Vaults:1 | Reached skill level 9 in Transmutations
 48660 | Vaults:1 | XOM: chaos upgrade
 48661 | Vaults:1 | XOM: cast spell 'Summon Small Mammal'
 48686 | Vaults:1 | XOM: potion effect (haste)
 48699 | Vaults:1 | Reached skill level 8 in Conjurations
 48829 | Vaults:1 | XOM: give mutations
 48829 | Vaults:1 | Lost mutation: Your mind is very acute. (Int +8, Str/Dex
                  | -2) [Xom's mischief]
 48829 | Vaults:1 | Lost mutation: Your flesh is cold resistant. (rC+) [Xom's
                  | mischief]
 48860 | Vaults:1 | XOM: polymorph slime creature -> snapping turtle
 48961 | Vaults:1 | XOM: summons friendly white imp
 49187 | Vaults:1 | XOM: confusion (+ monsters)
 49190 | Vaults:1 | Reached skill level 10 in Transmutations
 49675 | Vaults:2 | XOM: swap monsters
 49682 | Vaults:2 | Reached XP level 20. HP: 96/96 MP: 28/35
 49721 | Vaults:2 | XOM: polymorph mana viper -> slime creature
 49729 | Vaults:2 | Reached skill level 9 in Conjurations
 49991 | Vaults:2 | XOM: give mutations
 49991 | Vaults:2 | Lost mutation: You are somewhat resistant to further
                  | mutation. [Xom's mischief]
 49991 | Vaults:2 | Lost mutation: You have a somewhat thin skeletal structure.
                  | (Dex +2, Stealth+) [Xom's mischief]
 50067 | Vaults:2 | Found a staircase to the Crypt.
 50075 | Vaults:2 | Reached skill level 11 in Transmutations
 50129 | Vaults:2 | XOM: 2-stop teleportation journey
 50137 | Vaults:2 | XOM: god gift: wand of iceblast (4)
 50587 | Vaults:2 | Reached skill level 10 in Conjurations
 50645 | Vaults:2 | Reached skill level 12 in Transmutations
 50673 | Vaults:2 | Noticed Xtahua
 50675 | Vaults:2 | Killed Xtahua
 50687 | Vaults:2 | XOM: cleaving
 50688 | Vaults:2 | XOM: potion effect (magic)
 51194 | Vaults:3 | Reached skill level 13 in Transmutations
 51265 | Vaults:3 | XOM: confuse monster(s)
 51361 | Vaults:3 | XOM: scenery: 1 doors open
 51374 | Vaults:3 | Noticed Nikola
 51375 | Vaults:3 | XOM: butterfly on damage
 51376 | Vaults:3 | Nikola changed into Nikola the caustic shrike
 51376 | Vaults:3 | Noticed Nikola
 51376 | Vaults:3 | XOM: polymorph Nikola -> Nikola the caustic shrike
 51380 | Vaults:3 | Killed Nikola the caustic shrike
 51875 | Vaults:3 | Found a portal to a secret trove of treasure.
 51993 | Vaults:3 | Noticed Mennas
 52006 | Vaults:3 | Killed Mennas
 52284 | Vaults:3 | XOM: confuse monster(s)
 52320 | Vaults:3 | Reached skill level 7 in Ice Magic
 52337 | Vaults:3 | XOM: divination: detect items
 52377 | Vaults:3 | XOM: scenery: 1 doors close
 52721 | Vaults:3 | XOM: summons friendly white imp
 52854 | Vaults:4 | XOM: summons friendly iron imp
 52858 | Vaults:4 | Reached skill level 14 in Transmutations
 52859 | Vaults:4 | XOM: summons 16 friendly demons
 52948 | Vaults:4 | XOM: confuse monster(s)
 53167 | Vaults:4 | XOM: confuse monster(s)
 53225 | Vaults:4 | Reached skill level 11 in Spellcasting
 53504 | Vaults:4 | XOM: give mutations
 53504 | Vaults:4 | Gained mutation: Your flesh is heat resistant. (rF+) [Xom's
                  | grace]
 53504 | Vaults:4 | Gained mutation: Your system is resistant to poisons.
                  | (rPois) [Xom's grace]
 53504 | Vaults:4 | Gained mutation: You have hidden genetic potential. [Xom's
                  | grace]
 53519 | Vaults:4 | Reached skill level 8 in Ice Magic
 53519 | Vaults:4 | Reached XP level 21. HP: 95/100 MP: 33/37
 53590 | Vaults:4 | XOM: cast spell 'Summon Dragon'
 53603 | Vaults:4 | XOM: enchant monster (good)
 53808 | Vaults:4 | XOM: stat loss: -1 Dex (33/34)
 53863 | Vaults:4 | XOM: scenery: 2 doors close
 53927 | Vaults:4 | XOM: enchant monster (good)
 53929 | Vaults:4 | Reached skill level 9 in Ice Magic
 54078 | Vaults:4 | XOM: scenery: 1 doors open, 2 doors close
 54233 | Vaults:4 | XOM: scenery: 1 doors close
 54477 | Vaults:4 | XOM: give mutation
 54477 | Vaults:4 | Gained mutation: You are robust. (+10% HP) [Xom's grace]
 54580 | Vaults:4 | Reached skill level 12 in Spellcasting
 54754 | Vaults:3 | XOM: scenery: 1 doors close
 54867 | Vaults:1 | XOM: scenery: 1 doors close
 55142 | Snake:4  | XOM: scenery: 1 doors close
 55229 | Snake:4  | XOM: cast spell 'Cause Fear'
 55238 | Snake:4  | XOM: 6-stop teleportation journey
 55525 | Snake:4  | Reached skill level 10 in Ice Magic
 55566 | Snake:4  | Got a serpentine rune of Zot
 55686 | Snake:4  | XOM: stat loss: -1 Int (16/17)
 56014 | Depths:1 | Entered Level 1 of the Depths
 56127 | Depths:1 | Reached skill level 13 in Spellcasting
 56127 | Depths:1 | XOM: summons friendly iron imp
 56302 | Depths:1 | XOM: give mutation
 56302 | Depths:1 | Lost mutation: You are partially covered in large bone
                  | plates. (SH +4) [Xom's mischief]
 56366 | Depths:1 | XOM: chaos upgrade
 56439 | Depths:1 | Found Liyz's Antique Weapon Emporium.
 56439 | Depths:1 | XOM: 1-stop teleportation journey
 56516 | Depths:1 | XOM: 3-stop teleportation journey
 56519 | Depths:1 | Reached skill level 14 in Spellcasting
 56715 | Depths:1 | XOM: cast spell 'Death Channel'
 56725 | Depths:1 | XOM: swap monsters
 56775 | Depths:1 | XOM: 2-stop teleportation journey
 56793 | Depths:1 | XOM: cloud trail
 57005 | Depths:1 | Found a one-way gateway to a ziggurat.
 57025 | Depths:1 | XOM: 4-stop teleportation journey
 57323 | Depths:1 | Found a gateway to Hell.
 57672 | Depths:2 | Found a one-way gate leading to the halls of Pandemonium.
 57826 | Depths:2 | Gained mutation: You possess an exceptional clarity of
                  | mind. [hidden potential]
 58155 | Depths:2 | XOM: give mutation
 58155 | Depths:2 | Gained mutation: A frigid envelope surrounds you and
                  | freezes all who hurt you. [Xom's grace]
 58165 | Depths:2 | XOM: fog
 58172 | Depths:2 | Reached XP level 22. HP: 73/113 MP: 30/41
 58188 | Depths:2 | Noticed a juggernaut
 58606 | Depths:2 | XOM: scenery: 1 fountains blood, 1 doors close
 58612 | Depths:2 | XOM: silly message
 58631 | Depths:2 | XOM: enchant monster (bad)
 58637 | Depths:2 | XOM: enchant monster (bad)
 58649 | Depths:2 | XOM: scenery: 1 doors close
 58797 | Depths:2 | Found a broken altar of Ashenzari.
 58823 | Depths:2 | Killed a juggernaut
 58824 | Depths:2 | Reached skill level 11 in Translocations
 58845 | Depths:2 | XOM: summons 3 hostile shadow creatures
 59041 | Depths:2 | XOM: blink monster(s)
 59271 | Depths:2 | XOM: stat loss: -1 Str (14/15)
 59364 | Depths:2 | XOM: summons 4 hostile shadow creatures
 59443 | Depths:2 | XOM: give mutations
 59443 | Depths:2 | Lost mutation: Your muscles are very strong. (Str +8,
                  | Int/Dex -2) [Xom's mischief]
 59443 | Depths:2 | Lost mutation: You expend magic power (3 MP) to strengthen
                  | your wands. [Xom's mischief]
 59443 | Depths:2 | Lost mutation: You possess an exceptional clarity of mind.
                  | [Xom's mischief]
 59443 | Depths:2 | Lost mutation: You have a pair of small horns on your head.
                  | [Xom's mischief]
 59469 | Depths:2 | XOM: torment (70/131 hp)
 59600 | Depths:2 | Found Othreqeucs's Jewellery Emporium.
 59601 | Depths:2 | Found Cupretig's Book Shop.
 59602 | Depths:2 | Found Foafei Ydya's Jewellery Emporium.
 59612 | Depths:2 | Bought a ring of protection from fire for 550 gold pieces
 59616 | Depths:2 | Bought a ring of protection from cold for 525 gold pieces
 60085 | Depths:3 | Noticed a golden dragon
 60090 | Depths:3 | HP: 3/131 [spark wasp (4)]
 60091 | Depths:3 | Killed a golden dragon
 60092 | Depths:3 | Reached skill level 11 in Stealth
 60093 | Depths:3 | Reached skill level 12 in Translocations
 60098 | Depths:3 | XOM: silly message
 60235 | Depths:2 | XOM: silly message
 60325 | Depths:3 | XOM: smoke on damage
 60438 | Depths:3 | XOM: cast spell 'Summon Small Mammal'
 60499 | Depths:3 | XOM: silly message
 60663 | Depths:2 | XOM: divination: detect items
 60991 | Depths:3 | XOM: god gift: 4 stones
 61131 | Depths:3 | XOM: confuse monster(s)
 61291 | Depths:4 | Entered Level 4 of the Depths
 61300 | Depths:4 | XOM: swap monsters
 61304 | Depths:4 | Reached skill level 11 in Evocations
 61307 | Depths:4 | Reached skill level 13 in Translocations
 61563 | Depths:4 | XOM: scenery: create altars
 61692 | Depths:4 | XOM: cast spell 'Cause Fear'
 61872 | Depths:4 | XOM: god gift: 5 stones
 61911 | Depths:4 | XOM: 7-stop teleportation journey
 61974 | Depths:4 | Noticed a golden dragon
 61984 | Depths:4 | Killed a golden dragon
 61990 | Depths:4 | XOM: divination: detect items
 62086 | Depths:4 | Noticed a juggernaut
 62092 | Depths:4 | XOM: noise
 62099 | Depths:4 | Killed a juggernaut
 62100 | Depths:4 | Reached skill level 12 in Stealth
 62322 | Depths:4 | Found a gate to the Realm of Zot.
 62400 | Depths:4 | Reached skill level 14 in Translocations
 62401 | Depths:4 | Reached skill level 11 in Ice Magic
 62416 | Depths:4 | XOM: potion effect (brilliance)
 62492 | Depths:4 | XOM: god gift: 8 stones
 62535 | Depths:4 | XOM: silly message
 62940 | Depths:4 | Identified the +6 halberd "Sukuvokk" {venom, *Rage Will+
                  | rCorr Dex+3}
 62947 | Depths:4 | XOM: stat loss: -1 Dex (28/29)
 62966 | Depths:4 | XOM: give mutations
 62966 | Depths:4 | Gained mutation: Your body sometimes deteriorates upon
                  | taking damage. [Xom's mischief]
 62966 | Depths:4 | Lost mutation: Your flesh is heat resistant. (rF+) [Xom's
                  | mischief]
 62966 | Depths:4 | Lost mutation: You are completely covered in iridescent
                  | scales. (AC +6) [Xom's mischief]
 63481 | Vaults:5 | Entered Level 5 of the Vaults
 63489 | Vaults:5 | XOM: chaos cloud
 63498 | Vaults:5 | XOM: chaos upgrade
 63510 | Vaults:5 | XOM: god gift: ring of positive energy
 63522 | Vaults:5 | XOM: chaos upgrade
 63636 | Vaults:5 | Reached skill level 13 in Stealth
 63637 | Vaults:5 | Noticed a dread lich
 63645 | Vaults:5 | XOM: divination: detect items
 63650 | Vaults:5 | Killed a dread lich
 63651 | Vaults:5 | Reached skill level 12 in Evocations
 63655 | Vaults:5 | XOM: polymorph mana viper -> faun
 63730 | Vaults:5 | Identified the +0 lajatang "Rijac" {heavy, Will+ Str+4}
 63790 | Vaults:5 | a sphinx changed into a golden dragon
 63790 | Vaults:5 | Noticed a golden dragon (glowing shapeshifter)
 63791 | Vaults:5 | a golden dragon changed into an acid blob
 63800 | Vaults:5 | XOM: fake destruction
 63955 | Vaults:5 | Noticed an ancient lich
 63964 | Vaults:5 | Killed an ancient lich
 63965 | Vaults:5 | Reached XP level 23. HP: 118/118 MP: 37/42
 64015 | Vaults:5 | Identified the +1 acid dragon scales "Ichotir" {rPois rN+
                  | Will+ rCorr Int-2}
 64079 | Vaults:5 | Learned a level 2 spell: Wereblood
 64086 | Vaults:5 | Learned a level 6 spell: Dispersal
 64095 | Vaults:5 | XOM: noise
 64293 | Vaults:5 | XOM: summons 2 hostile demons
 64308 | Vaults:5 | XOM: divination: detect creatures
 64315 | Vaults:5 | Reached skill level 14 in Stealth
 64315 | Vaults:5 | XOM: blink monster(s)
 64323 | Vaults:5 | XOM: silly message
 64349 | Vaults:5 | Reached skill level 12 in Ice Magic
 64391 | Vaults:5 | XOM: fake destruction
 64392 | Vaults:5 | Identified the +9 dagger of Hidduode {heavy, rN+ Dex+2}
 64408 | Vaults:5 | XOM: butterfly on damage
 64416 | Vaults:5 | Reached skill level 13 in Evocations
 64432 | Vaults:5 | HP: 2/136 [reaper/+0 scythe of freezing[a deep elf
                  | demonologist] (8)]
 64432 | Vaults:5 | Slain by a reaper
 64441 | Vaults:5 | Identified the +7 battleaxe of Meaguibodd {flame, rF+ rN+
                  | Will++ Int-2}
 64441 | Vaults:5 | Identified the ring of Juqizeyniu {rN+ rCorr Str-3 Int+5
                  | Dex+3}
 64450 | Vaults:5 | XOM: 9-stop teleportation journey
 64564 | Vaults:5 | Noticed a dread lich
 64565 | Vaults:5 | XOM: confusion
 64568 | Vaults:5 | XOM: summons 7 hostile demons
 64573 | Vaults:5 | Killed a dread lich
 64630 | Vaults:5 | XOM: 1-stop teleportation journey
 64637 | Vaults:5 | XOM: polymorph deep elf death mage -> storm dragon
 64688 | Vaults:5 | XOM: 1-stop teleportation journey
 65160 | Vaults:5 | XOM: potion effect (heal wounds)
 65163 | Vaults:5 | XOM: polymorph vault sentinel -> glowing shapeshifter
 65326 | Vaults:5 | XOM: god gift: +0 battleaxe of chaos
 65358 | Vaults:5 | XOM: 1-stop teleportation journey
 65403 | Vaults:5 | Got a silver rune of Zot
 65663 | Vaults:5 | XOM: give mutations
 65663 | Vaults:5 | Gained mutation: Your spells are a little harder to cast,
                  | but a little more powerful. [Xom's grace]
 65663 | Vaults:5 | Gained mutation: You have a pair of small horns on your
                  | head. [Xom's grace]
 65755 | Vaults:5 | XOM: 2-stop teleportation journey
 65928 | Crypt:1  | Entered Level 1 of the Crypt
 66023 | Vaults:2 | XOM: give mutations
 66023 | Vaults:2 | Lost mutation: You have hidden genetic potential. [Xom's
                  | grace]
 66023 | Vaults:2 | Gained mutation: You are somewhat resistant to further
                  | mutation. [Xom's grace]
 66023 | Vaults:2 | Gained mutation: You are completely covered in iridescent
                  | scales. (AC +6) [Xom's grace]
 66023 | Vaults:2 | Gained mutation: You are partially covered in large bone
                  | plates. (SH +4) [Xom's grace]
 66252 | Crypt:1  | Noticed Vv
 66278 | Crypt:1  | XOM: scenery: 1 doors open, 2 doors close
 66285 | Crypt:1  | Reached skill level 14 in Evocations
 66298 | Crypt:1  | Reached skill level 13 in Ice Magic
 66373 | Crypt:2  | XOM: silly message
 66458 | Crypt:2  | XOM: summons friendly quasit
 66562 | Crypt:2  | Found a huge runed translucent gate.
 66562 | Crypt:2  | Found a huge runed translucent gate.
 66563 | Crypt:2  | Found a huge runed translucent gate.
 66563 | Crypt:2  | Found a huge runed translucent gate.
 66563 | Crypt:2  | Found a huge runed translucent gate.
 66564 | Crypt:2  | Found a huge runed translucent gate.
 66565 | Crypt:2  | Found a huge runed translucent gate.
 66566 | Crypt:2  | Found a huge runed translucent gate.
 66566 | Crypt:2  | Found a huge runed translucent gate.
 66630 | Crypt:2  | XOM: scenery: 1 doors close
 66839 | Crypt:2  | XOM: fog
 66890 | Crypt:2  | XOM: enchant monster (good)
 66893 | Crypt:2  | Noticed Grunn
 66895 | Crypt:2  | XOM: summons 8 friendly demons
 67128 | Crypt:2  | XOM: scenery: 2 doors close
 67259 | Crypt:2  | XOM: give mutations
 67259 | Crypt:2  | Lost mutation: You are strong-willed. (Will+) [Xom's
                  | mischief]
 67259 | Crypt:2  | Lost mutation: You have a pair of small horns on your head.
                  | [Xom's mischief]
 67259 | Crypt:2  | Lost mutation: You are completely covered in iridescent
                  | scales. (AC +6) [Xom's mischief]
 67259 | Crypt:2  | Lost mutation: Your system is resistant to poisons. (rPois)
                  | [Xom's mischief]
 67268 | Crypt:2  | Killed Grunn
 67674 | Crypt:3  | Entered Level 3 of the Crypt
 67849 | Crypt:3  | XOM: polymorph mana viper -> jorogumo
 67895 | Crypt:3  | Reached skill level 14 in Ice Magic
 68317 | Crypt:3  | XOM: give mutations
 68317 | Crypt:3  | Lost mutation: Your body sometimes deteriorates upon taking
                  | damage. [Xom's mischief]
 68317 | Crypt:3  | Gained mutation: Your body sometimes deteriorates upon
                  | taking damage. [Xom's mischief]
 68523 | Crypt:3  | Noticed a dread lich
 68525 | Crypt:3  | Killed a dread lich
 68654 | Crypt:3  | XOM: scenery: 1 doors close
 68675 | Crypt:3  | Reached XP level 24. HP: 123/123 MP: 39/42
 69063 | Crypt:3  | Found a staircase to the Tomb.
 69065 | Crypt:3  | Noticed an ancient lich
 69072 | Crypt:3  | Killed an ancient lich
 69109 | Crypt:3  | Noticed an ancient lich
 69118 | Crypt:3  | Killed an ancient lich
 69222 | Crypt:3  | Noticed an ancient lich
 69230 | Crypt:3  | Killed an ancient lich
 69231 | Crypt:3  | Reached skill level 5 in Earth Magic
 69241 | Crypt:3  | XOM: summons 6 hostile demons
 69259 | Crypt:3  | Learned a level 4 spell: Manifold Assault
 69265 | Crypt:3  | Learned a level 4 spell: Vhi's Electric Charge
 69394 | Crypt:3  | XOM: god gift: runed leather armour {god gift}
 69432 | Crypt:3  | XOM: give mutations
 69432 | Crypt:3  | Gained mutation: You are very robust. (+20% HP) [Xom's
                  | grace]
 69432 | Crypt:3  | Gained mutation: Your spells are harder to cast, but more
                  | powerful. [Xom's grace]
 69529 | Crypt:3  | Reached skill level 1 in Air Magic
 69580 | Crypt:3  | Reached skill level 9 in Summonings
 69932 | D:15     | XOM: god gift: leather armour {god gift}
 70026 | Zot:1    | XOM: noise
 70026 | Zot:1    | Entered Level 1 of the Realm of Zot
 70135 | Zot:1    | XOM: scenery: summon butterflies
 70169 | Zot:1    | XOM: polymorph golden dragon -> sphinx
 70172 | Zot:1    | Reached skill level 2 in Air Magic
 70188 | Zot:1    | XOM: give mutation
 70188 | Zot:1    | Gained mutation: You possess an exceptional clarity of
                  | mind. [Xom's grace]
 70196 | Zot:1    | XOM: blink monster(s)
 70287 | Zot:1    | XOM: give mutations
 70287 | Zot:1    | Lost mutation: You are somewhat resistant to further
                  | mutation. [Xom's mischief]
 70287 | Zot:1    | Gained mutation: Your muscles are very strong. (Str +8,
                  | Int/Dex -2) [Xom's mischief]
 70287 | Zot:1    | Lost mutation: You are partially covered in large bone
                  | plates. (SH +4) [Xom's mischief]
 70287 | Zot:1    | Lost mutation: Your spells are harder to cast, but more
                  | powerful. [Xom's mischief]
 70407 | Zot:1    | Reached skill level 3 in Air Magic
 70407 | Zot:1    | XOM: 1-stop teleportation journey
 70830 | D:14     | XOM: stat loss: -1 Str (14/15)
 70841 | D:14     | XOM: give mutations
 70841 | D:14     | Lost mutation: You possess an exceptional clarity of mind.
                  | [Xom's mischief]
 70841 | D:14     | Gained mutation: You possess an exceptional clarity of
                  | mind. [Xom's mischief]
 70841 | D:14     | Lost mutation: You are very robust. (+20% HP) [Xom's
                  | mischief]
 70841 | D:14     | Gained mutation: Potions are less effective at restoring
                  | your health. [Xom's mischief]
 71016 | Vaults:3 | You paid a toll of 4 scrolls of fear to enter a treasure
                  | trove
 71017 | Trove    | Entered a treasure trove
 71039 | Trove    | Identified the ring "Uliaran" {Str+6 Dex+4}
 71694 | Zot:2    | an acid blob changed into a shard shrike
 71694 | Zot:2    | Noticed a shard shrike
 71694 | Zot:2    | XOM: polymorph acid blob -> shard shrike
 71767 | Zot:2    | Reached skill level 10 in Summonings
 71767 | Zot:2    | Reached skill level 4 in Air Magic
 71953 | Zot:2    | XOM: confuse monster(s)
 72008 | Zot:2    | Reached skill level 5 in Air Magic
 72381 | Zot:2    | XOM: god gift: twisted leather armour {god gift}
 72381 | Zot:2    | Identified the +3 leather armour "Viga" {-Cast Rampage rF++
                  | Slay+3} (Xom gifted it to you on level 2 of the Realm of
                  | Zot)
 72729 | Zot:2    | XOM: polymorph mana viper -> satyr
 73179 | Zot:3    | XOM: fog
 73192 | Zot:3    | Reached skill level 11 in Summonings
 73199 | Zot:3    | Reached skill level 6 in Air Magic
 73206 | Zot:3    | XOM: divination: detect creatures
 73580 | Zot:3    | XOM: divination: detect creatures
 73583 | Zot:3    | XOM: summons friendly crimson imp
 73694 | Zot:3    | XOM: summons 16 friendly demons
 73755 | Zot:4    | Noticed an orb of fire
 73756 | Zot:4    | XOM: scenery: create altars
 73760 | Zot:4    | Lost mutation: You are robust. (+10% HP) [an orb of fire]
 73763 | Zot:4    | XOM: smoke on damage
 73765 | Zot:4    | Killed an orb of fire
 73766 | Zot:4    | Reached skill level 7 in Air Magic
 73812 | Zot:4    | XOM: god gift: scroll of enchant armour
 74202 | Zot:4    | Reached skill level 12 in Summonings
 74285 | Zot:5    | Entered Level 5 of the Realm of Zot
 74309 | Zot:5    | Noticed a dread lich
 74309 | Zot:5    | Noticed a dread lich
 74309 | Zot:5    | Noticed a Killer Klown
 74309 | Zot:5    | Noticed an orb of fire
 74309 | Zot:5    | Noticed a Killer Klown
 74309 | Zot:5    | Noticed an ancient lich
 74309 | Zot:5    | Noticed a Killer Klown
 74309 | Zot:5    | Noticed an orb of fire
 74309 | Zot:5    | Noticed an orb of fire
 74309 | Zot:5    | Noticed an ancient lich
 74309 | Zot:5    | Noticed a dread lich
 74309 | Zot:5    | XOM: 3-stop teleportation journey
 74310 | Zot:5    | Noticed a Killer Klown
 74314 | Zot:5    | Got the Orb of Zot
 74345 | Zot:5    | XOM: silly message
 74371 | Zot:4    | HP: 4/129 [quicksilver dragon (3)]
 74378 | Zot:4    | Noticed Diucoj the pandemonium lord
 74381 | Zot:4    | XOM: divination: magic mapping
 74505 | Depths:1 | Noticed Daall the pandemonium lord
 74508 | Depths:1 | XOM: divination: detect creatures
 74510 | Depths:1 | XOM: divination: detect items
 74518 | Depths:1 | Killed Daall the pandemonium lord
 74598 | D:14     | XOM: cloud trail
 74705 | D:8      | Noticed Rytane the pandemonium lord
 74768 | D:5      | Noticed Sanid the pandemonium lord
 74768 | D:5      | Noticed an ancient lich
 74878 | D:$      | Escaped with the Orb!

Illustrated notes

Levels and vault maps discovered:
D:1:      lemuel_arrival_room, layout_loops_ring
D:2:      layout_basic, minmay_pentomino_x4
D:3:      layout_loops_ring, nemelex_dance_club_becter
D:4:      layout_basic, serial_co_window_serial, co_window_paths_b,
          co_window_paths_b, co_window_of_opportunity_a, co_window_paths_a,
          co_window_corner_a, co_window_unsneaky_path_b, co_window_paths_c,
          co_window_of_opportunity_c, glass_columns_a, glass_columns_c,
          glass_columns_a, glass_columns_c, glass_columns_a, minmay_distorted
D:5:      layout_loops_ring, minmay_temple_entry_stoned_glass,
          grunt_ministairs_12, minivault_11, ebering_dispersal_statue_hall,
          minmay_misc_feat_square, uniq_ijyb
D:6:      layout_cave_pools, grunt_temple_overflow_forces_of_nature,
          uniq_prince_ribbit1
D:7:      layout_loops_ring, good_gods_temple_1, grunt_temple_overflow_open,
          yredelemnul_forgotten_temple_becter, lemuel_doored_altar,
          roderic_roman_lattice, uniq_maggie, uniq_duvessa, uniq_jeremiah
D:8:      layout_gridville, kennysheep_slug_shrine,
          lightli_bailey_entry_fortress, kennysheep_generic_room_9
D:9:      layout_roguey, kennysheep_mini, grunt_lair_entry_orc_guard_hut,
          serial_shops, shop
D:10:     layout_roguey, minmay_diced_spiral, uniq_lodul
D:11:     layout_loops_cross, david_orc_5
D:12:     kennysheep_scales, layout_basic, serial_shops, shop, shop
D:13:     layout_roguey, uniq_frances, uniq_josephine, uniq_kirke
D:14:     layout_basic, david_vaults_5, okawaru_gym_becter, fedhas_altar_1
D:15:     hangedman_depths_entry_civil_slaughter, layout_basic,
          hangedman_decor_clover_reticule, uniq_rupert, uniq_agnes
Lair:1:   layout_roguey, nicolae_lair_lindhole, uniq_harold
Lair:2:   layout_chaotic_city, beast_lair_carwin_7, uniq_urug
Lair:3:   nzn_motion_control, layout_chaotic_city, swamp_mist_pool,
          nicolae_snake_entry_warm_welcome, hangedman_lair_generics_rect,
          serial_bayou_shore_a, lemuel_fruit_fields
Lair:4:   layout_misc_corridors, slime_entry_1
Lair:5:   hellmonk_lair_end_abyssal_woods, layout_hall_layers, special_room
          [special_room_bee], chequers_serial_rivers_large_b, ice2_lemuel
Swamp:1:  layout_falls_marsh, serial_swamp_ruin, evilmike_swamp_ruin_wall,
          evilmike_swamp_ruin_house_3
Swamp:2:  layout_basic_swamp, hangedman_swamp_diagram
Swamp:3:  layout_basic_swamp, evilmike_swamp_ruin_house_4
Swamp:4:  swamp_vile, layout_basic_swamp, uniq_louise
Snake:1:  layout_basic, uniq_asterion, uniq_aizul
Snake:2:  layout_onion_interference, grunt_megastairs_3
Snake:3:  nicolae_snakescales, layout_rooms, uniq_mara
Snake:4:  snake_pit, layout_gridlike, serial_library_hellmonk_junction,
          grunt_ministairs_14
Orc:1:    layout_caves, gammafunk_ghost_stat_death, nicolae_orc_lost_temple
Orc:2:    st_orc_elflike, layout_caves, basic_altar,
          portal_ice_cave_entry_animals_and_master, uniq_maurice, uniq_jorgrun,
          uniq_snorg
Elf:1:    layout_loops_corners, lightli_enter_wizlab_magi_temple,
          ebering_ghost_disaster_area, minmay_elf_necromancy
Elf:2:    nicolae_elf_blades_splatter_lattice
          [nicolae_blade_entry_floor_patterns], layout_geoelf_octagon,
          serial_glass, glass_columns_c, glass_columns_c, laboratory
Elf:3:    minmay_elf_hall_statues, layout_loops_corners,
          hangedman_elf_disciples, uniq_zenata, uniq_roxanne
Vaults:1: vaults_standard_mumra_enter_the_diamond, vaults_dpeg_ring,
          nicolae_vaults_trapezoid_3, v_misc_13, v_misc_1, v_pattern_1,
          nicolae_vaults_heart-shaped_vault, nicolae_vaults_mini_display_case,
          vaults_mumra_hexcomb, nicolae_vaults_little_squares_6,
          layout_vaults_omnigrid, serial_shops, shop
Vaults:2: hangedman_vaults_stagger, vaults_room_door_hall,
          ontoclasm_vaults_pinch, v_rooms_5, minmay_crypt_entry_simple_plaza,
          v_pattern_5, hangedman_vaults_corner,
          nicolae_vaults_closet_pinwheel_5, nicolae_vaults_theta,
          nicolae_vaults_tetromino_Z_2, nicolae_vaults_little_squares_6,
          nicolae_vaults_display_case, layout_vaults_ring, uniq_xtahua
Vaults:3: ontoclasm_vaults_misaligned, ontoclasm_vaults_twist,
          vaults_dpeg_hooks, nicolae_vaults_storage_closets_3,
          nicolae_vaults_heart-shaped_vault, grunt_vaults_swirl, v_misc_31,
          nicolae_vaults_surprise_closet, nicolae_vaults_network_s,
          hangedman_vaults_corner_blocks, ontoclasm_vaults_shuriken,
          nicolae_vaults_tetromino_Z_1, layout_vaults_big_room, enter_trove_6,
          uniq_nikola, uniq_mennas, uniq_margery
Vaults:4: nicolae_vaults_little_squares_6, vaults_room_boxed,
          nicolae_vaults_house_1, nicolae_vaults_layer_cake_slice,
          nicolae_vaults_specimen_jars, nicolae_vaults_mitosis,
          nicolae_vaults_trapezoid_lopsided_3, nicolae_vaults_stepped_doors,
          v_misc_16, nicolae_vaults_what_the_h, hangedman_vaults_locks,
          vaults_mumra_chevron_long, nicolae_vaults_tetromino_Z_2,
          nicolae_vaults_doubleplus_tesselated, vaults_room_semicircle,
          layout_vaults_omnicross
Vaults:5: serial_shops
Crypt:1:  layout_gridlike, basic_altar, roderic_lattice_octagonal_star,
          uniq_saint_roka, uniq_vv
Crypt:2:  cheibrodos_crypt_3hun_7po, layout_basic, grunt_megastairs_2,
          uniq_grunn
Crypt:3:  quadcrypt_mu
Depths:1: layout_small_grid, enter_ziggurat_a, hell_entry,
          dreamdust_looks_like_rain, kennysheep_cross_landing, minmay_shop_star
Depths:2: minmay_connected_boxes_in_corner, layout_gridlike,
          evilmike_ruin_ashenzari, grunt_hell_horde, pan_entry,
          minmay_shop_grove, minmay_staircase_bubble
Depths:3: nicolae_hitomezashi [nicolae_hito_row, nicolae_hito_row,
          nicolae_hito_row, nicolae_hito_row, nicolae_hito_row,
          nicolae_hito_row, nicolae_hito_row, nicolae_hito_row,
          nicolae_hito_row, nicolae_hito_row, nicolae_hito_row,
          nicolae_hito_row, nicolae_hito_row, nicolae_hito_row,
          nicolae_hito_row, nicolae_hito_row, nicolae_hito_row,
          nicolae_hito_row], layout_small_grid, abyss_entry_small_statue_room,
          grunt_hell_entry_dis_grunt, hangedman_abyss_or_decor_slice,
          serial_bayou_pond_c
Depths:4: evilmike_zot_entry_argh, layout_cave_shapes, hangedman_decor_push,
          hell_entry, nrook_campfire
Zot:1:    layout_misc_corridors, regret_index_zotdec_wing_it,
          lemuel_baited_zot_trap
Zot:2:    layout_onion, hangedman_zot_spectrum
Zot:3:    layout_misc_corridors, ebering_ghost_disaster_area
Zot:4:    layout_cellular_growth, basic_altar,
          regret_index_zotdec_twisting_globes, uniq_tiamat
Zot:5:    layout_gridlike, regret_index_zotdec_ex

Skill      XL: |  1  2  3  4  5  6  7  8  9 10 11 12 13 14 15 16 17 18 19 20 21 22 23 24 |
---------------+-------------------------------------------------------------------------+-----
Stealth        | 2 3 6 9 10 13 14 | 14.9
Hexes          | 2 4 5 6 7 10 12 13 14 | 14.9
Spellcasting   | 1 4 6 9 10 11 14 | 14.9
Dodging        | 4 5 6 7 9 11 14 | 14.9
Unarmed Combat | 4 5 12 14 | 14.9
Fighting       | 4 5 6 7 9 10 12 14 | 14.9
Summonings     | 3 5 7 8 12 | 12.3
Evocations     | 4 6 9 10 12 14 | 14.9
Shapeshifting  | 8 14 | 14.9
Earth Magic    | 2 4 5 |  5.2
Ice Magic      | 3 6 8 10 11 14 | 14.9
Translocations | 2 10 14 | 14.9
Transmutations | 3 10 14 | 14.9
Conjurations   | 3 8 10 | 10.0
Air Magic      | 7 |  7.9

Action                     |  1- 3 |  4- 6 |  7- 9 | 10-12 | 13-15 | 16-18 | 19-21 | 22-24 || total
---------------------------+-------+-------+-------+-------+-------+-------+-------+-------++-------
  Melee: Unarmed           |    95 |   133 |   269 |   272 |   765 |   962 |  1249 |  1414 ||  5159
         Punch             |     6 |     1 |    20 |    17 |    49 |   109 |   195 |   226 ||   623
         Bite              |     6 |    13 |    39 |    42 |   134 |   143 |   252 |   306 ||   935
         Headbutt          |       |       |       |    53 |   207 |   102 |   394 |    79 ||   835
   Cast: Jinxbite          |     8 |    10 |     1 |       |       |       |       |       ||    19
         Confusing Touch   |       |     5 |    31 |    17 |    47 |     3 |       |       ||   103
         Tukima's Dance    |       |       |    16 |     5 |    24 |    14 |       |       ||    59
         Summon Mana Viper |       |       |       |    58 |   214 |   209 |   106 |   123 ||   710
         Apportation       |       |       |       |       |    19 |       |       |       ||    19
         Passwall          |       |       |       |       |       |     6 |       |     2 ||     8
         Ozocubu's Armour  |       |       |       |       |       |    24 |    61 |    55 ||   140
         Lesser Beckoning  |       |       |       |       |       |       |    75 |    94 ||   169
         Irradiate         |       |       |       |       |       |       |    27 |    50 ||    77
         Yara's Violent Un |       |       |       |       |       |       |     8 |     1 ||     9
         Blink             |       |       |       |       |       |       |     2 |     4 ||     6
         Wereblood         |       |       |       |       |       |       |       |     6 ||     6
         Vhi's Electric Ch |       |       |       |       |       |       |       |    11 ||    11
Ability: Begin Untransform |       |       |       |       |     1 |       |       |       ||     1
  Evoke: Wand              |       |     5 |     1 |     1 |    12 |     8 |     3 |    18 ||    48
         Lightning rod     |       |       |       |       |     4 |     5 |     4 |     1 ||    14
         Tin of tremorston |       |       |       |       |     2 |     2 |     4 |     1 ||     9
         Sack of spiders   |       |       |       |       |       |     2 |     2 |     1 ||     5
         Phantom mirror    |       |       |       |       |       |     1 |     1 |       ||     2
         Phial of floods   |       |       |       |       |       |       |     2 |     1 ||     3
    Use: Scroll            |     2 |     6 |     2 |     7 |     8 |     8 |     5 |    18 ||    56
         Potion            |     1 |     1 |       |     1 |     3 |     4 |     1 |    15 ||    26
   Stab: Sleeping          |     5 |    11 |     3 |     6 |     9 |    10 |    10 |    10 ||    64
         Distracted        |     1 |     1 |       |     1 |    10 |    18 |    18 |    21 ||    70
         Paralysed         |       |     2 |       |       |       |       |       |       ||     2
         Confused          |       |     1 |    19 |    15 |    25 |     6 |     9 |     3 ||    78
         Petrifying        |       |       |       |       |       |       |     1 |       ||     1
 Armour: Skin              |    20 |    29 |    55 |    66 |   335 |   687 |   500 |   827 ||  2519
  Dodge: Dodged            |    79 |    87 |   196 |   278 |  1103 |  1680 |  1794 |  1850 ||  7067
  Block: Other             |       |       |       |       |    92 |   398 |   585 |   418 ||  1493
         Reflection        |       |       |       |       |     4 |    60 |    50 |    13 ||   127
   Form: Statue            |       |       |       |       |     2 |       |       |       ||     2

Table legend: (Time is in decaauts)
 A = Elapsed time spent in this place.
 B = Non-inter-level travel time spent in this place.
 C = Inter-level travel time spent in this place.
 D = Time resting spent in this place.
 E = Time spent auto-exploring this place.
 F = Levels seen in this place.
 G = Mean time per level.
                   A        B        C        D        E       F      G
               +--------+--------+--------+--------+--------+-----+--------+
         Total |  95722 |  87531 |   8191 |  19991 |  48078 |  52 | 1840.8 |
       Dungeon |  21179 |  18436 |   2743 |   2532 |  12113 |  15 | 1411.9 |
          Lair |   9311 |   8383 |    928 |   1510 |   4839 |   5 | 1862.2 |
         Swamp |   5504 |   5224 |    280 |    246 |   4019 |   4 | 1376.0 |
     Snake Pit |   8392 |   7855 |    537 |   2698 |   3460 |   4 | 2098.0 |
  Orcish Mines |   3261 |   2830 |    431 |   1090 |   1082 |   2 | 1630.5 |
   Elven Halls |  10078 |   9311 |    767 |   3620 |   3385 |   3 | 3359.3 |
        Vaults |  14839 |  13609 |   1230 |   1846 |   8705 |   5 | 2967.8 |
         Crypt |   5516 |   5313 |    203 |    963 |   3082 |   3 | 1838.7 |
        Depths |  11099 |  10353 |    746 |   2803 |   5738 |   4 | 2774.8 |
           Zot |   5428 |   5106 |    322 |   2412 |   1285 |   5 | 1085.6 |
         Trove |     67 |     67 |      0 |      0 |      0 |   1 |   67.0 |
        Bailey |   1044 |   1044 |      0 |    268 |    366 |   1 | 1044.0 |
               +--------+--------+--------+--------+--------+-----+--------+

Top non-repeatable levels by time:
   Elf:3: 4037 daAuts
Depths:2: 3819 daAuts
   Elf:2: 3736 daAuts
Vaults:5: 3302 daAuts
Vaults:1: 3245 daAuts
Vaults:4: 3013 daAuts
  Lair:5: 2923 daAuts
 Crypt:3: 2921 daAuts
Depths:4: 2889 daAuts
    D:15: 2886 daAuts
 Snake:1: 2737 daAuts
Vaults:2: 2650 daAuts
Vaults:3: 2627 daAuts
Depths:1: 2613 daAuts
  Lair:3: 2588 daAuts

Table legend:
 A = Kills in this place as a percentage of kills in the entire game.
 B = Kills by you in this place as a percentage of kills by you in the entire game.
 C = Kills by friends in this place as a percentage of kills by friends in the entire game.
 D = Other kills in this place as a percentage of other kills in the entire game.
 E = Experience gained in this place as a percentage of experience gained in the entire game.
 F = Experience gained in this place divided by the number of levels of this place that you have seen.
                   A       B       C       D       E      F
               +-------+-------+-------+-------+-------+----------------------
         Total | 100.0 | 100.0 | 100.0 | 100.0 | 100.0 | 21372.9
       Dungeon |  19.2 |  17.0 |  24.6 |  31.6 |   6.3 | 4684.4
          Lair |  11.6 |   6.6 |  25.0 |   5.3 |   6.2 | 13828.8
         Swamp |   5.1 |   5.0 |   5.3 |   5.3 |   5.2 | 14547.5
     Snake Pit |   7.8 |   7.7 |   8.1 |   5.3 |   8.2 | 22845.8
  Orcish Mines |   5.7 |   2.6 |  14.1 |   0.0 |   2.1 | 11637.5
   Elven Halls |   9.7 |  11.0 |   6.4 |   0.0 |  11.5 | 42483.7
        Vaults |  18.1 |  22.0 |   8.1 |  10.5 |  26.0 | 57888.8
         Crypt |   7.1 |   8.7 |   3.0 |   0.0 |   9.1 | 33679.3
        Depths |  10.2 |  13.5 |   1.7 |   0.0 |  16.2 | 45101.5
           Zot |   4.1 |   4.8 |   1.9 |  15.8 |   8.8 | 19598.0
        Bailey |   1.4 |   0.9 |   1.9 |  26.3 |   0.3 | 2803.0
               +-------+-------+-------+-------+-------+----------------------
